 Dungeon Crawl Stone Soup version 0.18-a0-1773-gec4f98e (webtiles) character file.

12314716 Ebgish the Archmage (level 27, 214/214 HPs)
             Began as a Deep Elf Ice Elementalist on Apr 12, 2016.
             Was the Champion of Vehumet.
             Escaped with the Orb
             ... and 15 runes on Apr 14, 2016!
             The game lasted 1 day 11:33:07 (138536 turns).

Ebgish the Archmage (DEIE)                    Turns: 138536, Time: 1 , 11:33:08

Health: 214/214    AC: 32    Str:  6    XL:     27
Magic:  65/65      EV: 37    Int: 38    God:    Vehumet [******]
Gold:   13821      SH: 36    Dex: 23    Spells: 14 memorised, 1 level left

rFire  + + +     SeeInvis +     u - staff of energy
rCold  + . .     Gourm    .     x - +7 leather armour of Dishonesty {*Drain rF+ MR+ Dex+3}
rNeg   + + .     Faith    .     q - +18 shield of the gong {rElec rN+ MR+ EV-5}
rPois  .         Spirit   .     z - +2 hat of the High Council {Archmagi, Wiz- Stlth-}
rElec  +         Dismiss  .     V - +2 cloak of Starlight {rElec rC+ EV+4 Stlth--}
rCorr  .         Reflect  .     d - +2 pair of gloves of Xiajigu {MP+9 Int+2}
SustAt +         Harm     .     K - +2 pair of boots {Fly}
MR     ++++.     Clarity  +     h - amulet of Vitality {Regen+ HP+15}
Stlth  +++.......               T - ring "Qiudamui" {rF+ Str+3 Dex+3 Stlth+}
                                s - ring "Duvaustry" {SustAt rElec rN+ Slay+3 SInv}

@: flying, deflect missiles, incredibly resistant to hostile enchantments,
fairly stealthy
A: antennae 1, beak, talons 1, repulsion field 1, iridescent scales 1, thin
skeletal structure 1, berserk 1, clarity, fire resistance 1, sense surroundings
1, regeneration 1, wild magic 1
a: Renounce Religion, Stop Flying
0: Orb of Zot
}: 15/15 runes: serpentine, barnacled, slimy, silver, golden, iron, obsidian,
icy, bone, abyssal, demonic, glowing, magical, fiery, dark


You escaped.
You worshipped Vehumet.
Vehumet was exalted by your worship.
You were very full.

You visited 17 branches of the dungeon, and saw 92 of its levels.
You visited Pandemonium 1 time, and saw 29 of its levels.
You visited the Abyss 4 times.
You completed 4 ziggurats, and saw 108 of their levels.
You also visited: Labyrinth, Trove, Ice Cave and Volcano.

You collected 18250 gold pieces.
You spent 4284 gold pieces at shops.

Inventory:

Armour
 d - the +2 pair of gloves of Xiajigu (worn) {MP+9 Int+2}
   (You found it on level 3 of the Crypt)

   It affects your intelligence (+2).
   It affects your magic capacity (+9).
 q - the +18 shield of the gong (worn) {rElec rN+ MR+ EV-5}
   (You took it off an ogre mage on level 2 of the Vaults)

   It affects your evasion (-5).
   It insulates you from electricity.
   It protects you from negative energy.
   It affects your resistance to hostile enchantments.
 x - the +7 leather armour of Dishonesty (worn) {*Drain rF+ MR+ Dex+3}
   (You found it on level 6 of the Pits of Slime)

   It affects your dexterity (+3).
   It protects you from fire.
   It affects your resistance to hostile enchantments.
   It causes draining when unequipped.
 z - the +2 hat of the High Council (worn) {Archmagi, Wiz- Stlth-}
   (You found it on level 27 of a ziggurat)

   It makes you less stealthy.
 K - a +2 pair of boots of flying (worn)
 V - the +2 cloak of Starlight (worn) {rElec rC+ EV+4 Stlth--}
   (You acquired it on level 27 of a ziggurat)

   It affects your evasion (+4).
   It protects you from cold.
   It insulates you from electricity.
   It makes you much less stealthy.
 Y - the +1 hat "Corisuoh" {Str+4 Int+4 Dex+2}
   (You acquired it on level 17 of a ziggurat)

   It affects your strength (+4).
   It affects your intelligence (+4).
   It affects your dexterity (+2).
Magical Staves
 g - an uncursed staff of cold
 u - an uncursed staff of energy (weapon)
Rods
 N - a +9 rod of clouds (17/17)
   (You found it on level 5 of a ziggurat)
 U - a +9 iron rod (17/17)
   (You found it on level 7 of a ziggurat)
Jewellery
 h - the amulet of Vitality (around neck) {Regen+ HP+15}
   (You found it on level 27 of a ziggurat)

   [amulet of regeneration]

   It affects your health (+15).
   It increases your rate of regeneration.
 s - the ring "Duvaustry" (left hand) {SustAt rElec rN+ Slay+3 SInv}
   (You found it on level 25 of a ziggurat)

   [ring of sustain attributes]

   It sustains your strength, intelligence and dexterity.
   It affects your accuracy and damage with ranged weapons and melee attacks
   (+3).
   It insulates you from electricity.
   It protects you from negative energy.
   It lets you see invisible.
 M - the ring "Qittas" {+Blink rF+ Int+4 Slay+3 SInv}
   (You found it on level 26 of a ziggurat)

   [ring of intelligence]

   It affects your intelligence (+4).
   It affects your accuracy and damage with ranged weapons and melee attacks
   (+3).
   It protects you from fire.
   It lets you see invisible.
   It lets you blink.
 T - the ring "Qiudamui" (right hand) {rF+ Str+3 Dex+3 Stlth+}
   (You found it on level 26 of a ziggurat)

   [ring of protection from fire]

   It affects your strength (+3).
   It affects your dexterity (+3).
   It protects you from fire.
   It makes you more stealthy.
Wands
 l - a wand of teleportation (7/9)
 t - a wand of disintegration (22/24)
 v - a wand of hasting (9/9)
 X - a wand of heal wounds (9/9)
Scrolls
 i - 14 scrolls of holy word
 n - a scroll of acquirement
 p - 35 scrolls of fog
 y - 12 scrolls of magic mapping
 A - 72 scrolls of remove curse
 D - 68 scrolls of teleportation
 J - 25 scrolls of recharging
 L - 21 scrolls of blinking
 O - 16 scrolls of identify
 W - 4 scrolls of summoning
 Z - 10 scrolls of fear
Potions
 b - 20 potions of curing
 f - 3 potions of invisibility
 r - a potion of magic
 H - 4 potions of cancellation
 P - 42 potions of cure mutation
Miscellaneous
 e - a box of beasts {used: 2}
 j - a sack of spiders {used: 1}
 o - a disc of storms
 w - a fan of gales
 B - 22 phantom mirrors
 E - a lamp of fire
 Q - a phial of floods
 R - the horn of Geryon
Comestibles
 a - 19 royal jellies
 c - 29 bread rations
 m - a slice of pizza
 C - 3 meat rations


   Skills:
 O Level 27 Fighting
 O Level 27 Staves
 * Level 25.2 Throwing
 O Level 27 Armour
 O Level 27 Dodging
 O Level 27 Stealth
 O Level 27 Shields
 + Level 16.5 Unarmed Combat
 O Level 27 Spellcasting
 O Level 27 Conjurations
 O Level 27 Charms
 O Level 27 Summonings
 O Level 27 Necromancy
 O Level 27 Translocations
 O Level 27 Transmutations
   Level 16.3 Fire Magic
 O Level 27 Ice Magic
 O Level 27 Air Magic
 O Level 27 Earth Magic
 O Level 27 Evocations


You had one spell level left.
You knew the following spells:

 Your Spells              Type           Power        Failure   Level  Hunger
b - Tornado               Air            #########.   1%          9    None
d - Iron Shot             Conj/Erth      #########.   1%          6    None
f - Glaciate              Conj/Ice       #########.   1%          9    None
i - Haste                 Chrm           ########     1%          6    None
k - Deflect Missiles      Chrm/Air       #########.   1%          6    None
l - Controlled Blink      Tloc           N/A          3%          8    None
A - Apportation           Tloc           #########.   1%          1    None
D - Death's Door          Chrm/Necr      #########.   3%          8    None
H - Summon Butterflies    Summ           ########     1%          1    None
M - Aura of Abjuration    Summ           #########.   1%          5    None
N - Necromutation         Trmt/Necr      #########.   3%          8    None
O - Ozocubu's Armour      Chrm/Ice       ########     1%          3    None
R - Regeneration          Chrm/Necr      #########.   1%          3    None
S - Statue Form           Trmt/Erth      #########    1%          6    None


Dungeon Overview and Level Annotations

Branches:
Dungeon (15/15)            Temple (0/1) D:4            Lair (8/8) D:10
 Shoals (4/4) Lair:5        Snake (4/4) Lair:6        Slime (6/6) Lair:6
    Orc (2/2) D:9             Elf (3/3) Orc:2        Vaults (5/5) D:14
  Crypt (3/3) Vaults:2       Tomb (3/3) Crypt:3      Depths (5/5) D:15
   Hell (1/1)                 Dis (7/7) Hell            Geh (7/7) Hell
    Coc (7/7) Hell            Tar (7/7) Hell            Zot (5/5) Depths:5

Altars:
Ashenzari
Dithmenos
Fedhas
Kikubaaqudgha
Makhleb
Nemelex Xobeh
Okawaru
Pakellas
Qazlal
Ru
Vehumet
The Shining One
Beogh
Jiyva

Shops:
D:6 =   D:13 [   Orc:2 [=(*}   Elf:2 }[:}   Shoals:3 :   Depths:2 [

Portals:
Hell: Depths:1 Depths:2 Depths:3 Depths:4 Depths:5
Abyss: Depths:2 Depths:3 Depths:4 Depths:5
Pandemonium: Depths:2 Depths:3 Depths:4
Ziggurat: Hell*

Annotations:
Snake:4 exclusion: 2 doors
Elf:2 2 runed doors
Depths:3 1 runed door
Depths:4 removemottled's ghost, veteran DrBe


Innate Abilities, Weirdness & Mutations

You have a pair of small antennae on your head.
You have a beak for a mouth.
You have sharp toenails.
You are surrounded by a mild repulsion field (EV +2).
You are partially covered in iridescent scales (AC +4).
You have a somewhat thin skeletal structure (Dex +2, Stealth).
You tend to lose your temper in combat.
You possess an exceptional clarity of mind.
Your flesh is heat resistant.
You passively map a small area around you.
Your natural rate of healing is unusually fast.
Your spells are a little harder to cast, but a little more powerful.


Message History

(D) Dungeon (T) Temple (L) Lair (A) Shoals (P) Snake Pit (M) Slime Pits (O) Orcish Mines (E) Elven Halls (V) Vaults (C) Crypt (W) Tomb (U) Depths (H) Hell (I) Dis (G) Gehenna (X) Cocytus (Y) Tartarus (Z) Zot
Where to? (Enter - D:3, ? - help)
An ice devil comes into view.
There is a stone staircase leading up here.
You fly upwards.
There is a stone staircase leading down here.
(D) Dungeon (T) Temple (L) Lair (A) Shoals (P) Snake Pit (M) Slime Pits (O) Orcish Mines (E) Elven Halls (V) Vaults (C) Crypt (W) Tomb (U) Depths (H) Hell (I) Dis (G) Gehenna (X) Cocytus (Y) Tartarus (Z) Zot
Where to? (Enter - D:1, ? - help)
Okay, then.
Unknown command.
There is a staircase leading out of the dungeon here.
You have escaped!

.........#.#.....# #.....##..# #
########.#.#.....# #.....###.# #
#......#.#.#.....# #.....###.###
#.####.#.#.#.....# #............
#.####.#.#.#.....# #.....###.###
.......#.#.#############.## #.# #
.......#.#.#.............####.# #
#.....##.#.#.##.########......###
.........#...#..@.# #.......##
..############....# #....##.##
..####......###'#'## #######..#
....##.####.#..)#..####### ####.#
....##.# #.#...##..##...###.....
....##.# #.#...##.........#.##..
######.####.#...###.......[#.##..
#......#...# ###.....##.##.#
###.##.#...# #########.##.#


There were no monsters in sight!

Vanquished Creatures
  Cerebov (Pan)
  Antaeus (Coc:7)
  The ghost of namelastname112 the Englaciator, a legendary DrCj of Makhleb (Zig:27)
  Asmodeus (Geh:7)
  the Royal Jelly (Slime:6)
  Gloorx Vloq (Pan)
  Ereshkigal (Tar:7)
  the Serpent of Hell (Dis:7)
  A seraph (Depths:1)
  Mnoleg (Pan)
  Lom Lobon (Pan)
  Dispater (Dis:7)
  Khufu (Crypt:3)
  3 orbs of fire (Zot:5)
  55 ancient liches
  24 juggernauts
  51 pandemonium lords
  108 greater mummies
  Sojobo (Crypt:3)
  14 shard shrikes
  Vashnia (Snake:4)
  Frederick (Depths:3)
  45 iron giants
  4 curse toes
  The ghost of blinkfrog the Executioner, a veteran DDNe of Makhleb (Elf:3)
  46 caustic shrikes
  37 Killer Klowns
  Geryon (Hell)
  49 golden dragons
  8 pearl dragons (Zig:12)
  30 bone dragons
  4 electric golems
  7 doom hounds
  6 profane servitors
  20 Brimstone Fiends
  27 Tzitzimimeh
  36 liches
  41 hellephants
  44 tentacled monstrosities
  36 Ice Fiends
  22 Hell Sentinels
  38 quicksilver dragons
  42 titans
  3 deep elf blademasters
  2 quicksilver dragons (shapeshifter)
  93 acid blobs
  28 Orb Guardians
  16 deep elf master archers
  A kraken (Shoals:4)
  Frances (Snake:1)
  Polyphemus (Shoals:4)
  32 Executioners
  15 tentacled starspawn
  10 death cobs
  32 sphinxes
  3 eldritch tentacles
  11 thorn hunters
  4 sphinxes (shapeshifter)
  30 ancient champions
  Roxanne (Snake:4)
  27 storm dragons
  31 shadow dragons
  Kirke (D:13)
  61 draconian monks
  104 greater nagas
  7 tengu reavers
  2 shadow dragons (shapeshifter) (Zig:26)
  3 azure jellies (shapeshifter)
  16 daevas
  Ilsuiw (Shoals:4)
  31 azure jellies
  31 revenants
  2 fire giants (shapeshifter) (Zig:26)
  68 ghost moths
  16 caustic shrike zombies
  A ghost moth (shapeshifter) (Depths:4)
  33 frost giants
  36 fire giants
  54 balrugs
  37 vault wardens
  58 draconian scorchers
  Maud (Lair:4)
  53 draconian knights
  5 frost giants (shapeshifter) (Zig:26)
  13 ghouls
  29 cacodemons
  5 deep elf sorcerers
  14 juggernaut zombies
  10 angels
  52 draconian shifters
  41 orc warlords
  16 chaos champions
  4 deep elf elementalists (Elf:3)
  11 warmongers
  29 emperor scorpions
  17 iron dragons
  57 draconian zealots
  39 very ugly things
  22 curse skulls
  2 spriggan defenders (Depths:3)
  34 ironheart preservers
  141 reapers
  6 juggernaut skeletons
  35 draconian callers
  51 draconian annihilators
  52 war gargoyles
  2 elemental wellsprings
  2 apis (shapeshifter)
  7 ophanim
  41 black draconians
  30 green draconians
  107 stone giants
  9 blood saints
  7 caustic shrike skeletons
  8 apis (Zig:12)
  12 corrupters
  19 deep elf annihilators
  37 vampire knights
  32 starcursed masses
  35 white draconians
  11 black suns
  31 bennus
  46 dire elephants
  9 deep elf demonologists
  8 salamander stormcallers
  A spectral titan (Zig:12)
  34 mottled draconians
  2 dire elephants (shapeshifter)
  14 lorocyprocas
  13 spark wasps
  33 purple draconians
  33 red draconians
  43 blizzard demons
  31 yellow draconians
  17 eidola
  7 statues (Depths:3)
  2 spark wasps (shapeshifter)
  26 ettins
  33 green deaths
  41 merfolk javelineers
  A minotaur (Lab)
  9 crystal guardians
  14 merfolk impalers
  A spectral golden dragon (Zig:2)
  7 quicksilver dragon zombies
  36 vault guards
  32 fire dragons
  Josephine (D:10)
  15 death oozes
  29 deep elf death magi
  3 deep elf high priests
  88 mummy priests
  A great orb of eyes (shapeshifter) (Zig:17)
  39 great orbs of eyes
  15 jiangshi
  44 yaktaur captains
  A caustic shrike simulacrum (Zig:17)
  10 rakshasas
  A minotaur (shapeshifter) (Depths:4)
  6 quicksilver dragon skeletons
  A kraken zombie (Coc:1)
  48 entropy weavers
  30 naga warriors
  29 centaur warriors
  6 monstrous demonspawn
  4 ghost crabs (shapeshifter)
  9 ghost crabs
  6 alligators
  6 merfolk avatars
  45 ice dragons
  81 hydras
  A hydra (shapeshifter) (Zig:26)
  26 anacondas
  2 anacondas (shapeshifter) (Zig:17)
  2 alligator snapping turtles (shapeshifter)
  8 iron giant zombies
  25 ogre magi
  5 spriggan air magi
  9 hell beasts
  27 catoblepae
  20 satyrs
  2 juggernaut simulacra
  8 deep troll shamans
  Erica (D:9)
  A satyr (shapeshifter) (Zig:27)
  9 merfolk aquamancers
  36 dancing weapons
  A tengu warrior (Depths:1)
  10 death knights
  2 alligator snapping turtles
  37 vampire magi
  8 iron giant skeletons
  The ghost of Crag the Destroyer, a journeyman TeAE of Vehumet (D:11)
  10 thrashing horrors
  9 deep troll earth magi
  49 orc high priests
  26 hell hogs
  2 hell hogs (shapeshifter)
  3 shock serpents (shapeshifter)
  A spectral storm dragon (Crypt:3)
  30 death yaks
  51 naga sharpshooters
  A spriggan berserker (Depths:5)
  56 soul eaters
  36 shock serpents
  46 hell knights
  3 holy swine (Pan)
  28 titan zombies
  39 deep elf knights
  16 storm dragon zombies
  2 fire crabs (shapeshifter)
  19 salamander mystics
  23 wretched stars
  54 sun demons
  5 iron trolls (shapeshifter)
  10 titan skeletons
  7 fire crabs
  62 shadow wraiths
  142 skeletal warriors
  2 quicksilver dragon simulacra
  7 iron golems
  31 iron trolls
  4 spatial maelstroms
  An unseen horror (shapeshifter) (Zig:27)
  A spectral anaconda (Crypt:3)
  A spectral catoblepas (Crypt:3)
  8 gelid demonspawn
  13 storm dragon skeletons
  5 giant orange brains
  2 spark wasp zombies
  A deep troll (shapeshifter) (Zig:10)
  18 death drakes
  79 death scarabs
  4 swamp dragons (shapeshifter)
  24 shadow demons
  A ghost moth zombie (Geh:6)
  13 infernal demonspawn
  18 golden dragon zombies
  23 spriggan druids
  36 swamp dragons
  A death drake (shapeshifter) (Depths:4)
  42 flayed ghosts
  12 cherubim
  11 unseen horrors
  11 sea snakes
  26 deep elf archers
  8 anaconda zombies
  28 naga ritualists
  A giant orange brain (shapeshifter) (Zig:10)
  5 putrid demonspawn (Pan)
  27 deep trolls
  A spectral hydra (Crypt:3)
  Pikel (D:8)
  6 anaconda skeletons
  An obsidian statue (Zig:4)
  44 phantasmal warriors
  6 torturous demonspawn (Pan)
  12 shadow dragon zombies
  15 golden dragon skeletons
  A harpy (shapeshifter) (Vaults:4)
  30 ironbrand convokers
  68 anubis guards
  A kraken simulacrum (Coc:7)
  A hill giant (shapeshifter) (Depths:4)
  19 harpies
  12 frost giant zombies
  13 hill giants
  21 shambling mangroves
  19 necromancers
  44 orc knights
  A lindwurm (shapeshifter) (Zig:9)
  2 anubis guards (shapeshifter)
  9 sphinx zombies
  18 tengu zombies
  5 fire giant zombies
  15 griffons
  6 wolf spiders (shapeshifter)
  37 orc sorcerers
  61 orb spiders
  A hornet (shapeshifter) (Zig:10)
  29 hornets
  31 mana vipers
  A mana viper (shapeshifter) (Zig:9)
  3 shining eyes (shapeshifter)
  6 sphinx skeletons
  9 wolf spider zombies
  16 shadow dragon skeletons
  7 oklob plants
  8 manticores
  47 wolf spiders
  2 fauns (shapeshifter)
  29 shining eyes
  101 deep elf magi
  15 iron dragon zombies
  37 ugly things
  25 fauns
  5 wizards
  A spectral ettin (Crypt:3)
  44 cyclopes
  50 moths of wrath
  A salamander (shapeshifter) (Zig:23)
  Maurice (D:10)
  A cyclops (shapeshifter) (Zig:23)
  11 fire giant skeletons
  27 sixfirhies
  An elephant (shapeshifter) (Zig:17)
  An octopode (shapeshifter) (Elf:1)
  33 salamanders
  3 worldbinders
  3 manticores (shapeshifter)
  6 stone giant zombies
  5 tengu skeletons
  2 black mambas (shapeshifter)
  12 elephants
  28 guardian serpents
  81 rust devils
  24 spriggan zombies
  7 frost giant skeletons
  42 vault sentinels
  The ghost of epen the Martial Artist, a novice OpMo of Ru (D:6)
  3 guardian serpents (shapeshifter)
  3 centaur zombies
  12 iron dragon skeletons
  10 eyes of devastation
  11 dire elephant zombies
  111 black mambas
  8 molten gargoyles (Geh:7)
  A shock serpent zombie (Abyss:3)
  8 stone giant skeletons
  20 apocalypse crabs
  44 smoke demons
  9 sirens
  An eye of devastation (shapeshifter) (Zig:26)
  26 orange demons
  2 spiny frogs (shapeshifter)
  A water nymph (Shoals:4)
  32 torpor snails
  2 torpor snails (shapeshifter)
  A storm dragon simulacrum (Crypt:1)
  Psyche (D:8)
  45 naga magi
  10 kobold demonologists
  10 spriggan skeletons
  3 water nymphs (shapeshifter)
  3 gargoyles
  3 dire elephant skeletons
  3 ice statues
  16 rime drakes
  A shock serpent skeleton (Tar:6)
  90 hellions
  64 spiny frogs
  14 efreet
  A pale draconian zombie (Crypt:3)
  50 demonic crawlers
  81 ice devils
  A yaktaur (shapeshifter) (Abyss:3)
  A yellow draconian zombie (Crypt:2)
  4 emperor scorpion zombies
  A mottled draconian skeleton (Tar:7)
  70 yaktaurs
  50 freezing wraiths
  An alligator snapping turtle skeleton (Crypt:1)
  96 tormentors
  148 guardian mummies
  14 ancient zymes
  2 anaconda simulacra
  A catoblepas skeleton (Dis:3)
  A black draconian skeleton (Dis:7)
  29 hellwings
  28 trolls
  24 komodo dragons
  2 golden dragon simulacra
  5 tengu conjurers
  12 hydra zombies
  A minotaur zombie (Dis:7)
  A queen bee (shapeshifter) (Zig:26)
  4 silent spectres
  An iron troll skeleton (Crypt:2)
  4 polar bears
  64 red devils
  3 merfolk (shapeshifter)
  35 merfolk
  A troll (shapeshifter) (Vaults:5)
  8 harpy zombies
  5 wind drakes
  54 jumping spiders
  2 wind drakes (shapeshifter)
  2 shadow dragon simulacra (Zig:19)
  11 giant leeches
  4 harpy skeletons
  A minotaur skeleton (Geh:6)
  17 blink frogs
  23 boulder beetles
  2 fire dragon zombies
  12 hydra skeletons
  2 snapping turtles (shapeshifter)
  A blink frog (shapeshifter) (Zig:26)
  50 elf zombies
  7 ice dragon zombies
  A wolf spider simulacrum (Tomb:2)
  2 raiju (shapeshifter)
  27 raiju
  41 two-headed ogres
  2 iron dragon simulacra
  9 ettin zombies
  3 boulder beetles (shapeshifter)
  A slime creature (shapeshifter) (Zig:17)
  8 snapping turtles
  13 bog bodies
  Prince Ribbit (D:9)
  132 slime creatures
  A frost giant simulacrum (Tomb:1)
  52 ushabtiu
  2 alligator skeletons
  10 alligator zombies
  180 flying skulls
  9 ettin skeletons
  2 fire giant simulacra
  82 large abominations
  49 tarantellas
  68 redbacks
  Sigmund (D:4)
  2 fire dragon skeletons
  3 ice dragon skeletons
  8 spriggans
  A spriggan (shapeshifter) (Zig:17)
  4 vampires
  34 ynoxinuls
  A spriggan simulacrum (Zig:19)
  5 air elementals
  10 wyverns
  19 water elementals
  66 wraiths
  49 shadows
  A wyvern (shapeshifter) (Zig:26)
  3 humans
  A basilisk (shapeshifter) (Zig:23)
  A fire bat (shapeshifter) (Depths:1)
  A golden eye (shapeshifter) (Zig:26)
  Grum (D:9)
  89 yaks
  2 hogs (D:13)
  2 hogs (shapeshifter)
  34 hippogriffs
  27 vampire mosquitoes
  19 basilisks
  12 fire elementals
  10 golden eyes
  A black mamba skeleton (Tar:7)
  8 steam dragons
  13 hungry ghosts
  29 chaos spawn
  A wind drake skeleton (Crypt:1)
  Menkaure (D:4)
  A merfolk zombie (Coc:7)
  20 neqoxecs
  2 harpy simulacra
  5 mottled dragons
  4 swamp worms (shapeshifter)
  A yaktaur simulacrum (Vaults:4)
  A mottled dragon (shapeshifter) (Vaults:1)
  21 wargs
  7 insubstantial wisps
  24 elf skeletons
  A deep troll zombie (Crypt:2)
  2 soldier ants (shapeshifter)
  58 hell hounds
  4 spatial vortices
  73 nagas
  14 spiny frog zombies
  61 water moccasins
  2 giant eyeballs (shapeshifter)
  A hydra simulacrum (Depths:4)
  3 giant eyeballs
  A hell hound (shapeshifter) (Vaults:4)
  129 orc warriors
  8 porcupines
  24 swamp drakes
  4 spiny frog skeletons
  An anubis guard zombie (Crypt:3)
  27 eyes of draining
  A fire dragon simulacrum (Depths:4)
  2 eyes of draining (shapeshifter)
  21 ice beasts
  An ice dragon simulacrum (Crypt:1)
  6 sky beasts
  4 snapping turtle zombies
  A wasp (shapeshifter) (Vaults:2)
  A black bear (shapeshifter) (Zig:27)
  2 black bears
  2 ettin simulacra
  29 wasps
  10 phantoms
  A slave (D:8)
  A boggart (shapeshifter) (Abyss:2)
  17 boggarts
  4 manticore zombies
  A tengu (shapeshifter) (Zig:26)
  A wolf (shapeshifter) (Depths:5)
  19 wolves
  33 necrophages
  84 ogres
  A crocodile (shapeshifter) (Vaults:5)
  2 elf simulacra
  34 centaurs
  A manticore skeleton (Tar:7)
  2 snapping turtle skeletons (Coc:1)
  50 crocodiles
  20 giant frogs
  A rime drake skeleton (Crypt:2)
  7 big kobolds
  A draconian skeleton (Crypt:2)
  4 wyvern zombies
  A spiny frog simulacrum (Hell)
  A glowing shapeshifter simulacrum (Zig:27)
  2 water moccasin zombies
  A wyvern skeleton (D:12)
  8 scorpions
  6 earth elementals
  A warg zombie (Crypt:3)
  A troll skeleton (Tar:7)
  8 killer bees
  55 wights
  5 howler monkeys
  12 quasits
  42 small abominations
  A basilisk zombie (Crypt:3)
  21 crimson imps
  A giant frog zombie (D:7)
  6 hounds
  6 human zombies
  3 centaur skeletons
  A gnoll shaman (D:6)
  45 orc priests
  Crazy Yiuf (D:4)
  5 giant frog skeletons
  93 iron imps
  93 jellies
  15 worker ants
  Ijyb (D:2)
  45 orc wizards
  15 iguanas
  12 hell rats
  A human skeleton (Crypt:1)
  A worker ant (shapeshifter) (Depths:5)
  A lightning spire (Zig:7)
  A killer bee zombie (Crypt:1)
  27 sheep
  A big kobold zombie (Crypt:1)
  A felid skeleton (Crypt:2)
  2 naga skeletons
  2 ogre skeletons
  3 hound skeletons
  A hound zombie (D:6)
  306 mummies
  A worker ant zombie (D:8)
  20 gnolls
  A howler monkey skeleton (Crypt:3)
  61 river rats
  12 adders
  23 shadow imps
  41 white imps
  10 ufetubi
  An ooze (D:1)
  An adder zombie (D:9)
  A worm (shapeshifter) (Zig:26)
  A worm (D:2)
  9 ball lightnings (Pan)
  A dart slug (D:3)
  4 giant geckos
  134 orcs
  A bat zombie (Crypt:1)
  8 giant cockroaches
  7 goblins
  8 hobgoblins
  24 jackals
  22 kobolds
  9 quokkas
  13 bats
  6 giant newts
  A giant newt zombie (Crypt:2)
  An orc zombie (Dis:1)
  A quokka skeleton (D:6)
  9 rats
  1837 blocks of ice
  70 briar patches
  A bush (Lair:8)
  3 fire vortices (Depths:3)
  6 fungi
  4 lost souls
  56 plants
  5 starspawn tentacles
  3 tentacles (Coc:1)
  8 withered plants (D:15)
13319 creatures vanquished.

Vanquished Creatures (collateral kills)
  Saint Roka (Orc:2)
  An emperor scorpion (Zig:12)
  A wolf spider (Zig:12)
  An orb spider (Zig:12)
  A moth of wrath (Zig:12)
  A demonic crawler (Zig:12)
  2 jumping spiders (Zig:12)
  A blink frog (Lair:1)
  A redback (Zig:12)
  4 yaks
  59 river rats
73 creatures vanquished.

Vanquished Creatures (others)
  A Killer Klown (Zig:14)
  A sphinx (Tomb:1)
  A shadow dragon (Depths:2)
  3 eldritch tentacles
  A draconian monk (Zig:16)
  A ghost moth (Zig:12)
  A caustic shrike zombie (Zig:26)
  A frost giant (Dis:7)
  An ironheart preserver (Zig:5)
  4 stone giants
  A very ugly thing (Zig:17)
  An elemental wellspring (Coc:7)
  A bennu (Zig:17)
  A merfolk javelineer (Zig:12)
  A vault guard (Vaults:5)
  A yaktaur captain (Vaults:4)
  An iron golem (Zig:10)
  A storm dragon zombie (Zig:21)
  A titan skeleton (Tomb:3)
  28 death scarabs
  2 orb spiders (Zig:12)
  A faun (Zig:22)
  A frost giant skeleton (Geh:7)
  4 yaktaurs
  An ushabti (Zig:17)
  A shadow (Geh:7)
  13 flying skulls (Tomb:2)
  An ice dragon skeleton (Tomb:2)
  An air elemental (Abyss:3)
  A golden eye (Abyss:3)
  2 humans (D:13)
  A hell hound (Zig:26)
  A spiny frog skeleton (Tomb:3)
  A small abomination (Abyss:3)
  An orc warrior (Vaults:3)
  3 slaves (D:8)
  A mummy (Zig:17)
  3 jackals (D:8)
  1762 blocks of ice
  A briar patch (Zig:7)
  342 eldritch tentacle segments
  30 fungi
  3 lost souls
  38 plants
  11 starspawn tentacles
  76 starspawn tentacle segments
  13 tentacles
  45 tentacle segments
  3 withered plants (D:15)
2415 creatures vanquished.

Grand Total: 15807 creatures vanquished

Notes
Turn   | Place    | Note
--------------------------------------------------------------
     0 | D:1      | Ebgish the Deep Elf Ice Elementalist began the quest for the Orb.
     0 | D:1      | Reached XP level 1. HP: 10/10 MP: 6/6
   163 | D:1      | Reached XP level 2. HP: 15/15 MP: 1/8
   578 | D:1      | Learned a level 2 spell: Throw Frost
   651 | D:1      | Gained mutation: Your flesh is heat resistant. [potion of mutation]
   651 | D:1      | Gained mutation: Scrolls take you a little longer to read. [potion of mutation]
   651 | D:1      | Gained mutation: You are weak. (Str -2) [potion of mutation]
  1119 | D:1      | Reached XP level 3. HP: 19/19 MP: 10/10
  1124 | D:1      | Learned a level 3 spell: Ozocubu's Armour
  1345 | D:2      | Noticed Ijyb
  1352 | D:2      | Killed Ijyb
  1352 | D:2      | Reached skill level 1 in Charms
  1352 | D:2      | Reached XP level 4. HP: 19/24 MP: 1/11
  1427 | D:2      | Found a radiant altar of Vehumet.
  1447 | D:2      | Became a worshipper of Vehumet
  1963 | D:2      | Found a shadowy altar of Dithmenos.
  2042 | D:2      | Found a faded altar to an unknown god.
  2202 | D:2      | Found an oddly glowing altar of Pakellas.
  2208 | D:2      | Learned a level 4 spell: Throw Icicle
  2246 | D:2      | Reached XP level 5. HP: 28/28 MP: 5/13
  2342 | D:2      | Lost mutation: You are weak. (Str -2) [potion of cure mutation]
  2342 | D:2      | Lost mutation: Your flesh is heat resistant. [potion of cure mutation]
  2342 | D:2      | Lost mutation: Scrolls take you a little longer to read. [potion of cure mutation]
  2384 | D:2      | Reached skill level 1 in Fighting
  2502 | D:3      | Reached skill level 5 in Ice Magic
  2609 | D:3      | Reached * piety under Vehumet
  2609 | D:3      | Offered knowledge of Sandblast by Vehumet.
  2976 | D:3      | Found a sacrificial altar of Ru.
  3294 | D:3      | Reached XP level 6. HP: 23/34 MP: 10/14
  3394 | D:3      | Reached ** piety under Vehumet
  3665 | D:4      | Noticed Menkaure
  3709 | D:4      | Offered knowledge of Magic Dart by Vehumet.
  3714 | D:4      | Learned a level 1 spell: Magic Dart
  3972 | D:4      | Found a staircase to the Ecumenical Temple.
  4083 | D:4      | Got an ancient dagger
  4084 | D:4      | Identified the +1 dagger of Olu Xeq {freeze, rF- Dex+3} (You found it on level 4 of the Dungeon)
  4121 | D:4      | Noticed Sigmund
  4568 | D:4      | Killed Menkaure
  4568 | D:4      | Reached skill level 5 in Spellcasting
  4568 | D:4      | Reached XP level 7. HP: 26/39 MP: 3/16
  4574 | D:4      | Learned a level 4 spell: Summon Ice Beast
  4686 | D:4      | Killed Sigmund
  4802 | D:4      | Noticed Crazy Yiuf
  4805 | D:4      | Killed Crazy Yiuf
  5045 | D:5      | Entered Level 5 of the Dungeon
  5200 | D:5      | Offered knowledge of Searing Ray by Vehumet.
  5476 | D:5      | Reached skill level 5 in Conjurations
  5542 | D:5      | Reached XP level 8. HP: 35/45 MP: 4/18
  5692 | D:5      | Reached *** piety under Vehumet
  5821 | D:5      | Reached skill level 1 in Summonings
  7062 | D:6      | Reached skill level 5 in Charms
  7187 | D:6      | Found a glowing golden altar of the Shining One.
  7433 | D:6      | Offered knowledge of Sticky Flame by Vehumet.
  7452 | D:6      | Noticed epen's ghost (novice OpMo)
  7536 | D:6      | Killed epen's ghost
  7536 | D:6      | Reached XP level 9. HP: 51/51 MP: 13/20
  7951 | D:6      | Found Qiogom's Jewellery Shop.
  9058 | D:7      | Identified a scroll of acquirement
  9124 | D:7      | Reached **** piety under Vehumet
  9365 | D:7      | Offered knowledge of Lightning Bolt by Vehumet.
  9464 | D:7      | You fall through a shaft for 2 floors!
  9478 | D:9      | Noticed a troll
  9481 | D:9      | Killed a troll
  9481 | D:9      | Reached skill level 1 in Evocations
  9653 | D:8      | Noticed Pikel
  9677 | D:8      | Killed Pikel
  9677 | D:8      | Reached XP level 10. HP: 56/56 MP: 9/23
 10278 | D:8      | Found a burning altar of Makhleb.
 10333 | D:8      | Noticed Psyche
 10336 | D:8      | Killed Psyche
 11300 | D:9      | Reached ***** piety under Vehumet
 11483 | D:9      | Found a roughly hewn altar of Beogh.
 11496 | D:9      | Offered knowledge of Iskenderun's Battlesphere by Vehumet.
 11689 | D:9      | Noticed Erica
 11689 | D:9      | Noticed Grum
 11792 | D:9      | Found a staircase to the Orcish Mines.
 11797 | D:9      | Reached skill level 5 in Summonings
 12301 | D:9      | Found a blossoming altar of Fedhas.
 12834 | D:9      | Reached XP level 11. HP: 62/62 MP: 3/25
 12966 | D:9      | Found an iron altar of Okawaru.
 12976 | D:9      | Reached skill level 10 in Ice Magic
 13406 | D:9      | Noticed Prince Ribbit
 13407 | D:9      | Killed Prince Ribbit
 13718 | D:10     | Entered Level 10 of the Dungeon
 13721 | D:10     | Noticed Josephine
 13732 | D:10     | Found a staircase to the Lair.
 13742 | Lair:1   | Entered Level 1 of the Lair of Beasts
 14071 | Lair:1   | Reached skill level 5 in Fighting
 14143 | Lair:1   | Found a labyrinth entrance.
 14153 | Lab      | Entered a labyrinth
 14259 | Lab      | Noticed a minotaur
 14273 | Lab      | Killed a minotaur
 14273 | Lab      | Reached skill level 10 in Conjurations
 14276 | Lab      | Got a transparent leather armour
 14278 | Lab      | Identified the +2 leather armour of Classification {rF- Regen+ Dex+4 SInv} (You took it off a minotaur in a labyrinth)
 14858 | Lair:1   | Offered knowledge of Orb of Destruction by Vehumet.
 14867 | Lair:1   | Learned a level 7 spell: Orb of Destruction
 15969 | Lair:2   | Reached skill level 5 in Evocations
 16919 | Lair:3   | Reached XP level 12. HP: 68/68 MP: 18/27
 17786 | Lair:4   | Offered knowledge of Poisonous Cloud by Vehumet.
 17796 | Lair:4   | Reached skill level 10 in Spellcasting
 18300 | Lair:4   | Noticed Maud
 18425 | Lair:4   | Killed Maud
 18592 | Lair:4   | Got a shimmering falchion
 18593 | Lair:4   | Identified the +9 falchion "Zopnekh" {antimagic, rC- rN+++ Int-5 Dex+6} (You found it on level 4 of the Lair of Beasts)
 19005 | Lair:4   | Noticed an eight-headed hydra
 19010 | Lair:4   | Killed an eight-headed hydra
 19123 | Lair:5   | Learned a level 6 spell: Bolt of Cold
 19218 | Lair:5   | Found a staircase to the Shoals.
 19408 | Lair:5   | Reached skill level 10 in Charms
 19651 | Lair:5   | Noticed a five-headed hydra
 19655 | Lair:5   | Killed a five-headed hydra
 19655 | Lair:5   | Offered knowledge of Spellforged Servitor by Vehumet.
 20358 | Lair:6   | Found a staircase to the Snake Pit.
 20431 | Lair:6   | Gained mutation: You have an increased reservoir of magic (+10% MP). [potion of beneficial mutation]
 20446 | Lair:6   | Noticed a seven-headed hydra
 20451 | Lair:6   | Killed a seven-headed hydra
 20520 | Lair:6   | Found a staircase to the Slime Pits.
 20574 | Lair:6   | Gained mutation: You are agile. (Dex +2) [potion of beneficial mutation]
 20848 | Lair:6   | Learned a level 6 spell: Freezing Cloud
 21047 | Lair:7   | Reached XP level 13. HP: 75/75 MP: 23/32
 21123 | Lair:7   | Reached skill level 1 in Armour
 21786 | Lair:8   | Entered Level 8 of the Lair of Beasts
 21962 | Lair:8   | Found a dark tunnel.
 22028 | Volcano  | Entered a volcano
 22751 | Lair:8   | Offered knowledge of Bolt of Fire by Vehumet.
 23521 | Lair:8   | Reached skill level 1 in Air Magic
 24009 | Lair:8   | Reached XP level 14. HP: 82/82 MP: 10/35
 25400 | D:10     | Found a sparkling altar of Nemelex Xobeh.
 25670 | D:10     | Offered knowledge of Iron Shot by Vehumet.
 25949 | D:10     | Noticed Maurice
 25971 | D:10     | Killed Maurice
 26075 | D:10     | Found a portal to a secret trove of treasure.
 26330 | D:9      | Killed Erica
 26418 | D:9      | Killed Grum
 27165 | D:11     | Noticed Crag's ghost (journeyman TeAE)
 27169 | D:11     | Killed Crag's ghost
 29655 | D:13     | Offered knowledge of Conjure Ball Lightning by Vehumet.
 29830 | D:13     | Noticed Kirke
 29871 | D:13     | Killed Kirke
 30178 | D:13     | Found Cale's Armour Shop.
 30461 | D:13     | Learned a level 1 spell: Summon Butterflies
 30869 | D:14     | Found a gate to the Vaults.
 30875 | D:14     | Reached XP level 15. HP: 88/88 MP: 17/37
 32148 | D:15     | Entered Level 15 of the Dungeon
 32199 | D:15     | Found a frozen archway.
 32285 | IceCv    | Entered an ice cave
 32755 | D:15     | Reached skill level 5 in Air Magic
 32890 | D:15     | Reached skill level 5 in Armour
 33190 | D:15     | Reached skill level 15 in Conjurations
 33468 | D:15     | Reached skill level 15 in Ice Magic
 34086 | D:15     | Found a staircase to the Depths.
 34466 | D:10     | Killed Josephine
 34600 | Orc:1    | Entered Level 1 of the Orcish Mines
 34818 | Orc:1    | Found a roughly hewn altar of Beogh.
 35578 | Orc:2    | Entered Level 2 of the Orcish Mines
 35727 | Orc:2    | Found Wisitt's Gadget Emporium.
 35862 | Orc:2    | Noticed Saint Roka
 36273 | Orc:2    | Reached ****** piety under Vehumet
 36387 | Orc:2    | Bought a phantom mirror for 420 gold pieces
 36596 | Orc:2    | Killed Saint Roka
 36596 | Orc:2    | Offered knowledge of Glaciate by Vehumet.
 36596 | Orc:2    | Offered knowledge of Chain Lightning by Vehumet.
 36596 | Orc:2    | Offered knowledge of Tornado by Vehumet.
 37161 | Orc:2    | Found a roughly hewn altar of Beogh.
 37237 | Orc:2    | Found Daejysatz's Antique Weapon Shop.
 37314 | Orc:2    | Found Cicluys's Jewellery Shop.
 37316 | Orc:2    | Found Kiemuxup's Antique Armour Shop.
 37351 | Orc:2    | Bought a pair of embroidered boots for 126 gold pieces
 37400 | Orc:2    | Found Gubisirgh's General Store.
 37409 | Orc:2    | Bought an uncursed ring of protection from cold for 275 gold pieces
 37409 | Orc:2    | Bought a scroll of identify for 22 gold pieces
 37409 | Orc:2    | Bought a potion of heal wounds for 55 gold pieces
 37427 | Orc:2    | Bought a cursed amulet of regeneration for 351 gold pieces
 37427 | Orc:2    | Bought an uncursed ring of see invisible for 195 gold pieces
 37427 | Orc:2    | Bought an uncursed ring of poison resistance for 260 gold pieces
 38079 | Orc:2    | Found a staircase to the Elven Halls.
 38268 | Lair:1   | Learned a level 6 spell: Ozocubu's Refrigeration
 38407 | Elf:1    | Entered Level 1 of the Elven Halls
 38587 | Elf:1    | Reached XP level 16. HP: 85/94 MP: 16/39
 39347 | Elf:1    | Got a heavily runed leather armour
 39348 | Elf:1    | Identified the +1 leather armour "Ziubash" {+Fly Str-2 Int+4} (You found it on level 1 of the Elven Halls)
 40187 | Elf:2    | Found Joazumah's Gadget Emporium.
 40277 | Elf:2    | Found Wuqoyrgh's Book Boutique.
 40290 | Elf:2    | Bought a book of Spatial Translocations for 780 gold pieces
 40293 | Elf:2    | Learned a level 2 spell: Blink
 40302 | Elf:2    | Found Noubaeg's Gadget Boutique.
 40410 | Elf:2    | Reached skill level 1 in Translocations
 40422 | Elf:2    | Found a large runed door.
 40422 | Elf:2    | Found a large runed door.
 40450 | Elf:2    | Found a large runed door.
 40450 | Elf:2    | Found a large runed door.
 40650 | Elf:2    | Found Zemosegh's Antique Armour Shoppe.
 40656 | Elf:2    | Reached skill level 15 in Spellcasting
 41655 | Elf:2    | Reached skill level 1 in Shields
 41662 | Elf:2    | Reached XP level 17. HP: 88/99 MP: 4/41
 42025 | Elf:3    | Entered Level 3 of the Elven Halls
 42707 | Elf:3    | Noticed blinkfrog's ghost (veteran DDNe)
 42801 | Elf:3    | Killed blinkfrog's ghost
 42914 | Elf:3    | Upgraded the game from 0.18-a0-1745-gffa9a88 to 0.18-a0-1760-gbb863503
 42969 | Elf:3    | Noticed a deep elf blademaster
 42969 | Elf:3    | Noticed a deep elf blademaster
 42974 | Elf:3    | Noticed an Ice Fiend
 42974 | Elf:3    | Killed a deep elf blademaster
 42974 | Elf:3    | Killed a deep elf blademaster
 43099 | Elf:3    | Noticed a deep elf master archer
 43265 | Elf:3    | Killed a deep elf master archer
 43291 | Elf:3    | Noticed a deep elf master archer
 43301 | Elf:3    | Killed a deep elf master archer
 43534 | Elf:3    | Got a distressingly furry ring mail
 43535 | Elf:3    | Identified the +4 ring mail of Urekolus {Int+3 Dex+3} (You found it on level 3 of the Elven Halls)
 43889 | Lair:1   | Learned a level 6 spell: Deflect Missiles
 43896 | Lair:1   | Learned a level 3 spell: Regeneration
 44025 | Snake:1  | Entered Level 1 of the Snake Pit
 44319 | Snake:1  | Noticed Frances
 44327 | Snake:1  | Killed Frances
 44327 | Snake:1  | Reached XP level 18. HP: 104/104 MP: 16/44
 44575 | Snake:1  | Found a stormy altar of Qazlal.
 44862 | Snake:1  | Cast into level 4 of the Abyss (a Zot trap)
 44880 | Snake:1  | Escaped the Abyss
 47015 | Snake:4  | Entered Level 4 of the Snake Pit
 47292 | Snake:4  | Noticed Vashnia
 47322 | Snake:4  | Killed Vashnia
 47846 | Snake:4  | Reached XP level 19. HP: 105/108 MP: 24/46
 47994 | Snake:4  | Noticed Roxanne
 48881 | Snake:4  | Got a serpentine rune of Zot
 49315 | Snake:4  | Killed Roxanne
 49659 | Lair:1   | Learned a level 9 spell: Glaciate
 49756 | Shoals:1 | Entered Level 1 of the Shoals
 50219 | Shoals:1 | Identified the Incunabulum of Mutagenic Boosts
 51750 | Shoals:3 | Found Ympelath's Book Emporium.
 52305 | Shoals:4 | Entered Level 4 of the Shoals
 52435 | Shoals:4 | Noticed Ilsuiw
 52441 | Shoals:4 | Killed Ilsuiw
 52730 | Shoals:4 | Reached skill level 5 in Dodging
 52820 | Shoals:4 | Reached XP level 20. HP: 114/114 MP: 22/48
 53054 | Shoals:4 | Noticed Polyphemus
 53059 | Shoals:4 | Killed Polyphemus
 54056 | Shoals:4 | Got a barnacled rune of Zot
 54700 | Lair:1   | Learned a level 6 spell: Haste
 54823 | Vaults:1 | Entered Level 1 of the Vaults
 55024 | Vaults:1 | Reached skill level 5 in Translocations
 55561 | Vaults:1 | Found a blossoming altar of Fedhas.
 57453 | Vaults:2 | Found a staircase to the Crypt.
 58327 | Vaults:2 | Reached XP level 21. HP: 120/120 MP: 32/50
 59451 | Vaults:3 | Found a glowing golden altar of the Shining One.
 59963 | Vaults:3 | Reached skill level 10 in Fighting
 60238 | Vaults:3 | Reached skill level 10 in Translocations
 60617 | Vaults:3 | Reached skill level 10 in Dodging
 62404 | Vaults:4 | Reached XP level 22. HP: 128/128 MP: 34/53
 63217 | Lair:1   | Learned a level 8 spell: Controlled Blink
 63353 | Depths:1 | Entered Level 1 of the Depths
 63598 | Depths:1 | Found a blossoming altar of Fedhas.
 64090 | Depths:1 | Found a gateway to Hell.
 64145 | Depths:1 | Got a crude rapier
 64146 | Depths:1 | Identified the +3 rapier "Beast's Funeral" {pierce, rElec} (You found it on level 1 of the Depths)
 64780 | Depths:2 | Noticed a caustic shrike
 64781 | Depths:2 | Noticed a caustic shrike
 65095 | Depths:2 | Reached skill level 15 in Translocations
 65312 | Depths:2 | Found a one-way gate to the infinite horrors of the Abyss.
 65750 | Depths:2 | Noticed a caustic shrike
 65750 | Depths:2 | Killed a caustic shrike
 65752 | Depths:2 | Noticed a caustic shrike
 65754 | Depths:2 | Noticed a juggernaut
 65900 | Depths:2 | Killed a caustic shrike
 65900 | Depths:2 | Killed a caustic shrike
 65903 | Depths:2 | Killed a caustic shrike
 65904 | Depths:2 | Killed a juggernaut
 66102 | Depths:2 | Reached XP level 23. HP: 132/132 MP: 47/55
 66144 | Depths:2 | Got a spiked ring mail
 66145 | Depths:2 | Identified the +2 ring mail of Fun {rPois Str+3 Dex-2} (You found it on level 2 of the Depths)
 66495 | Depths:2 | Found Ymiulef's Antique Armour Boutique.
 66546 | Depths:2 | Found a shattered altar of Ashenzari.
 66809 | Depths:2 | Found a one-way gate leading to the halls of Pandemonium.
 67783 | Depths:3 | Found a runed door.
 67986 | Depths:3 | Found a radiant altar of Vehumet.
 67991 | Depths:3 | Noticed Frederick
 67999 | Depths:3 | Killed Frederick
 67999 | Depths:3 | Reached skill level 1 in Necromancy
 68158 | Depths:3 | Found a runed door.
 68233 | Depths:3 | Identified the Compendium of the Old World
 69970 | Depths:4 | Noticed removemottled's ghost (veteran DrBe)
 70220 | Depths:4 | Got a heavily jewelled robe
 70268 | Depths:4 | Identified the +2 robe of Wrong Decisions {MR+ rCorr Stlth-} (You took it off a deep elf annihilator on level 4 of the Depths)
 71175 | Depths:4 | Reached XP level 24. HP: 137/137 MP: 37/56
 71413 | Depths:4 | Found a gateway to a ziggurat.
 71535 | Depths:4 | Reached skill level 5 in Necromancy
 71907 | Depths:5 | Entered Level 5 of the Depths
 72130 | Depths:5 | Found a gate to the Realm of Zot.
 73609 | Crypt:1  | Entered Level 1 of the Crypt
 74611 | Crypt:2  | Reached skill level 5 in Shields
 76128 | Crypt:3  | Entered Level 3 of the Crypt
 76561 | Lair:1   | Learned a level 6 spell: Iron Shot
 76847 | Crypt:3  | Noticed Sojobo
 76849 | Crypt:3  | Reached XP level 25. HP: 142/142 MP: 51/57
 76851 | Crypt:3  | Killed Sojobo
 76851 | Crypt:3  | Reached skill level 1 in Earth Magic
 77999 | Crypt:3  | Lost strength.
 79285 | Crypt:3  | Found an ancient bone altar of Kikubaaqudgha.
 79440 | Crypt:3  | Got a steaming amber ring
 79441 | Crypt:3  | Identified the cursed ring "Guiff" {Fragile rPois rF+ Int-3 Slay+3} (You found it on level 3 of the Crypt)
 79793 | Crypt:3  | Noticed Khufu
 79820 | Crypt:3  | Killed Khufu
 79820 | Crypt:3  | Reached skill level 10 in Evocations
 80359 | Crypt:3  | Got a pair of translucent gloves
 80360 | Crypt:3  | Identified the +2 pair of gloves of Xiajigu {MP+9 Int+2} (You found it on level 3 of the Crypt)
 80489 | Crypt:3  | Reached skill level 5 in Earth Magic
 80518 | Crypt:3  | Found a staircase to the Tomb.
 81212 | Vaults:5 | Entered Level 5 of the Vaults
 81253 | Vaults:5 | Reached skill level 10 in Air Magic
 81430 | Vaults:5 | Reached skill level 10 in Necromancy
 81831 | Vaults:5 | Reached XP level 26. HP: 77/147 MP: 9/58
 81887 | Vaults:5 | Gained mutation: Your body sometimes deteriorates upon taking damage. [mutagenic glow]
 82143 | Vaults:5 | Got a serpentine amber ring
 82321 | Vaults:5 | Got a smoking troll leather armour
 82322 | Vaults:5 | Identified the +0 troll leather armour of Existentialism {Regen+ Int+3} (You took it off a yaktaur captain on level 5 of the Vaults)
 82329 | Vaults:5 | Identified the ring "Cibih" {Fire rPois rN+++ Str+4 Int-3} (You took it off a vault guard on level 5 of the Vaults)
 82405 | Vaults:5 | Noticed an ancient lich
 82501 | Vaults:5 | Reached skill level 10 in Shields
 82999 | Vaults:5 | Noticed an ancient lich
 83478 | Vaults:5 | Killed an ancient lich
 84364 | Vaults:5 | Noticed an ancient lich
 84371 | Vaults:5 | Killed an ancient lich
 84475 | Vaults:5 | Got a translucent lead ring
 84561 | Vaults:5 | Got an ancient platinum ring
 84601 | Vaults:5 | Noticed an ancient lich
 84605 | Vaults:5 | Killed an ancient lich
 84828 | Vaults:5 | Killed an ancient lich
 84833 | Vaults:5 | Got a silver rune of Zot
 84839 | Vaults:5 | Got a spiked shadow dragon armour
 84840 | Vaults:5 | Identified the cursed +0 shadow dragon armour of the Untouchables {rF+ rCorr Str+4 SInv Stlth++++} (You found it on level 5 of the Vaults)
 85691 | Lair:1   | Identified the ring of the Jester {Fire MP-9 Dex+7} (You took it off a vault guard on level 5 of the Vaults)
 85693 | Lair:1   | Identified the ring "Duckuimm" {MP+9 EV+1 Int+4 Dex-5} (You found it on level 5 of the Vaults)
 85862 | Slime:1  | Entered Level 1 of the Pits of Slime
 86381 | Slime:6  | Entered Level 6 of the Pits of Slime
 86582 | Slime:6  | Noticed the Royal Jelly
 86588 | Slime:6  | Found a viscous altar of Jiyva.
 86595 | Slime:6  | Killed the Royal Jelly
 86659 | Slime:5  | Gained mutation: You are frail (-10% HP). [mutagenic glow]
 86894 | Slime:6  | Reached XP level 27. HP: 127/135 MP: 36/59
 87109 | Slime:6  | Got a pitted silver amulet
 87111 | Slime:6  | Identified the amulet "Jucuq" {Dismiss rElec rN+ MR+ Str-5} (You found it on level 6 of the Pits of Slime)
 87147 | Slime:6  | Identified the Volume of Lethal Dark Rites
 87205 | Slime:6  | Got a faintly glowing leather armour
 87206 | Slime:6  | Identified the +7 leather armour of Dishonesty {*Drain rF+ MR+ Dex+3} (You found it on level 6 of the Pits of Slime)
 87222 | Slime:6  | Got a slimy rune of Zot
 87235 | Slime:6  | Identified Sif Muna's Incunabulum of the Sinister Traveller
 87515 | Lair:1   | Learned a level 5 spell: Aura of Abjuration
 87832 | Zot:1    | Entered Level 1 of the Realm of Zot
 90637 | Zot:3    | Reached skill level 15 in Shields
 91388 | Zot:3    | Reached skill level 15 in Necromancy
 93098 | Zot:4    | Reached skill level 15 in Air Magic
 93688 | Zot:5    | Entered Level 5 of the Realm of Zot
 94275 | Lair:1   | Learned a level 1 spell: Apportation
 94552 | Depths:2 | Voluntarily entered the Abyss.
 94601 | Abyss:3  | Got a heavily runed scale mail
 94607 | Abyss:3  | Identified the cursed +0 scale mail of the Townfolk {rElec rPois rF+} (You found it on level 3 of the Abyss)
 94716 | Abyss:3  | Gained mutation: You regenerate slowly when monsters are visible. [a cacodemon]
 94847 | Abyss:3  | Found a corrupted altar of Lugonu.
 95251 | Abyss:3  | Gained mutation: You are very agile. (Dex +4) [a neqoxec]
 95373 | Depths:2 | Escaped the Abyss
 95773 | Depths:2 | Voluntarily entered the Abyss.
 95774 | Abyss:1  | Found a corrupted altar of Lugonu.
 95791 | Abyss:1  | Found a corrupted altar of Lugonu.
 95795 | Abyss:1  | Found a corrupted altar of Lugonu.
 95825 | Abyss:1  | Gained mutation: Your spells are a little easier to cast, but a little less powerful. [a cacodemon]
 95826 | Abyss:1  | Gained mutation: You are dopey. (Int -2) [a cacodemon]
 95883 | Abyss:1  | Found a large runed door.
 95883 | Abyss:1  | Found a large runed door.
 95890 | Abyss:1  | Found a large runed door.
 95945 | Abyss:1  | Found a large runed door.
 96768 | Abyss:1  | Found a corrupted altar of Lugonu.
 96847 | Abyss:1  | Found a corrupted altar of Lugonu.
 97360 | Abyss:2  | Found an ancient bone altar of Kikubaaqudgha.
 97360 | Abyss:2  | Found a glowing silver altar of Zin.
 97360 | Abyss:2  | Found an iron altar of Okawaru.
 97360 | Abyss:2  | Found a shadowy altar of Dithmenos.
 97360 | Abyss:2  | Found a glowing golden altar of the Shining One.
 97360 | Abyss:2  | Found a bloodstained altar of Trog.
 97360 | Abyss:2  | Found a sparkling altar of Nemelex Xobeh.
 97360 | Abyss:2  | Found a deep blue altar of Sif Muna.
 97360 | Abyss:2  | Found a blossoming altar of Fedhas.
 97360 | Abyss:2  | Found a radiant altar of Vehumet.
 97360 | Abyss:2  | Found a stormy altar of Qazlal.
 97360 | Abyss:2  | Found a burning altar of Makhleb.
 97360 | Abyss:2  | Found an opulent altar of Gozag.
 97360 | Abyss:2  | Found a basalt altar of Yredelemnul.
 97360 | Abyss:2  | Found a snail-covered altar of Cheibriados.
 97362 | Abyss:2  | Found a white marble altar of Elyvilon.
 97362 | Abyss:2  | Found a shimmering altar of Xom.
 97362 | Abyss:2  | Found a shattered altar of Ashenzari.
 98008 | Abyss:2  | Found a corrupted altar of Lugonu.
 98873 | Abyss:3  | Found a corrupted altar of Lugonu.
 99521 | Abyss:3  | Found a corrupted altar of Lugonu.
 99651 | Abyss:3  | Found a corrupted altar of Lugonu.
 99655 | Abyss:3  | Got an abyssal rune of Zot
 99889 | Depths:2 | Escaped the Abyss
100095 | Lair:1   | Lost mutation: You are very agile. (Dex +4) [potion of cure mutation]
100095 | Lair:1   | Lost mutation: You are frail (-10% HP). [potion of cure mutation]
100095 | Lair:1   | Lost mutation: Your spells are a little easier to cast, but a little less powerful. [potion of cure mutation]
100095 | Lair:1   | Lost mutation: You are agile. (Dex +2) [potion of cure mutation]
100095 | Lair:1   | Lost mutation: Your body sometimes deteriorates upon taking damage. [potion of cure mutation]
100095 | Lair:1   | Lost mutation: You have an increased reservoir of magic (+10% MP). [potion of cure mutation]
100096 | Lair:1   | Lost mutation: You are dopey. (Int -2) [potion of cure mutation]
100096 | Lair:1   | Lost mutation: You regenerate slowly when monsters are visible. [potion of cure mutation]
100107 | Lair:1   | Learned a level 9 spell: Tornado
100581 | Elf:2    | Bought a box of beasts for 300 gold pieces
100581 | Elf:2    | Bought a disc of storms for 300 gold pieces
100581 | Elf:2    | Bought a fan of gales for 600 gold pieces
100581 | Elf:2    | Bought a lamp of fire for 600 gold pieces
101092 | Zig:1    | Entered Level 1 of a ziggurat
101132 | Zig:2    | Entered Level 2 of a ziggurat
101193 | Zig:3    | Entered Level 3 of a ziggurat
101253 | Zig:4    | Entered Level 4 of a ziggurat
101255 | Zig:4    | Noticed an ancient lich
101258 | Zig:4    | Killed an ancient lich
101306 | Zig:5    | Entered Level 5 of a ziggurat
101392 | Zig:5    | Got an encrusted rapier
101393 | Zig:5    | Identified the cursed +2 rapier of Spite {vamp, Dex+4} (You found it on level 5 of a ziggurat)
101396 | Zig:6    | Entered Level 6 of a ziggurat
101402 | Zig:6    | Reached skill level 27 in Spellcasting
101463 | Zig:7    | Entered Level 7 of a ziggurat
101521 | Zig:8    | Entered Level 8 of a ziggurat
101588 | Zig:9    | Entered Level 9 of a ziggurat
101727 | Zig:10   | Entered Level 10 of a ziggurat
101732 | Zig:10   | Reached skill level 15 in Evocations
101846 | Zig:10   | Identified the Reference Book on Harmful Poisoning (You found it on level 10 of a ziggurat)
101863 | Zig:10   | Got a smoking bone ring
101864 | Zig:10   | Identified the ring of Midwinter {Wiz MP+9} (You found it on level 10 of a ziggurat)
101870 | Zig:10   | Got a bloodstained short sword
101871 | Zig:10   | Identified the +7 short sword "Aryiso" {venom, +Fly Dex+3} (You found it on level 10 of a ziggurat)
101880 | Zig:11   | Entered Level 11 of a ziggurat
101893 | Zig:11   | Noticed Zaguijeon the pandemonium lord
101896 | Zig:11   | Killed Zaguijeon the pandemonium lord
102029 | Zig:12   | Entered Level 12 of a ziggurat
102193 | Zig:12   | Identified the Handbook of the Traveller
102209 | Zig:12   | Got a shimmering iron amulet
102210 | Zig:12   | Identified the amulet "Immur" {RegenMP *Corrode rElec rN++} (You found it on level 12 of a ziggurat)
102261 | Zig:13   | Entered Level 13 of a ziggurat
102303 | Zig:13   | Identified the Papyrus of Darkness (You found it on level 13 of a ziggurat)
102411 | Zig:14   | Entered Level 14 of a ziggurat
102423 | Zig:14   | Gained mutation: Potions and wands are less effective at restoring your health. [a shining eye]
102425 | Zig:14   | Noticed Animoz the pandemonium lord
102425 | Zig:14   | Noticed Gouwitz the pandemonium lord
102425 | Zig:14   | Noticed Qahush the pandemonium lord
102425 | Zig:14   | Noticed Ufaagotu the pandemonium lord
102429 | Zig:14   | Killed Qahush the pandemonium lord
102457 | Zig:14   | Killed Animoz the pandemonium lord
102470 | Zig:14   | Killed Gouwitz the pandemonium lord
102480 | Zig:14   | Killed Ufaagotu the pandemonium lord
102589 | Zig:14   | Lost mutation: Potions and wands are less effective at restoring your health. [potion of cure mutation]
102613 | Zig:14   | Got a slimy robe
102614 | Zig:14   | Identified the +2 robe "Orethre" {rC+ Int+2} (You found it on level 14 of a ziggurat)
102625 | Zig:14   | Got an ancient pewter ring
102627 | Zig:14   | Identified the ring "Aryno" {rCorr rF+} (You found it on level 14 of a ziggurat)
102630 | Zig:14   | Gained mutation: Your spells are a little harder to cast, but a little more powerful. [potion of beneficial mutation]
102641 | Zig:14   | Got a bound jade amulet
102642 | Zig:14   | Identified the amulet of Lahounumme {Regen+ MP+9} (You found it on level 14 of a ziggurat)
102653 | Zig:14   | Identified the Collected Works on Ghastly Contamination
102855 | Zig:15   | Entered Level 15 of a ziggurat
103023 | Zig:15   | Identified the Reference Book on Venomous Feathers
103033 | Zig:15   | Identified the Grimoire of Malediction and Shape Shifting
103044 | Zig:16   | Entered Level 16 of a ziggurat
103214 | Zig:16   | Got a steaming platinum amulet
103215 | Zig:16   | Identified the amulet of Gousaygh {Dismiss rN+++ Str-3 Int+3 Stlth+} (You found it on level 16 of a ziggurat)
103245 | Zig:16   | Got a flickering bronze ring
103246 | Zig:16   | Identified the ring of Fetil {Str+4 Stlth-} (You found it on level 16 of a ziggurat)
103366 | Zig:17   | Entered Level 17 of a ziggurat
103445 | Zig:17   | Identified the Reference Book on the Virous Glacier (You found it on level 17 of a ziggurat)
103563 | Zig:18   | Entered Level 18 of a ziggurat
103763 | Zig:18   | Reached skill level 15 in Dodging
103796 | Zig:19   | Entered Level 19 of a ziggurat
104018 | Zig:19   | Got a crude robe
104019 | Zig:19   | Identified the +2 robe "Bues" {Dex+2} (You found it on level 19 of a ziggurat)
104066 | Zig:20   | Entered Level 20 of a ziggurat
104089 | Zig:20   | Noticed Qotzop Ycule the pandemonium lord
104095 | Zig:20   | Killed Qotzop Ycule the pandemonium lord
104220 | Zig:20   | Got a translucent tin ring
104221 | Zig:20   | Identified the ring of Iviedeeps {rC+ rN+ Stlth+} (You found it on level 20 of a ziggurat)
104246 | Zig:20   | Got a scorched ice dragon armour
104247 | Zig:20   | Identified the +0 ice dragon armour of the Turtle {*Drain rF- rC++ rCorr MP+9} (You found it on level 20 of a ziggurat)
104252 | Zig:20   | Got a sheer robe
104253 | Zig:20   | Identified the +2 robe of Liberty {+Blink rElec rC- rCorr Int-4} (You found it on level 20 of a ziggurat)
104260 | Zig:20   | Identified the Papyrus of the Pure Stars
104263 | Zig:20   | Got a slimy silver ring
104264 | Zig:20   | Identified the ring of Kemmypt {rElec MR+ Int+3} (You found it on level 20 of a ziggurat)
104267 | Zig:20   | Got a heavily runed bronze ring
104268 | Zig:20   | Identified the ring of Secrets {rF+ rC+ MR+ Int-5} (You found it on level 20 of a ziggurat)
104287 | Zig:21   | Entered Level 21 of a ziggurat
104308 | Zig:21   | Noticed Ume Esin the pandemonium lord
104325 | Zig:21   | Killed Ume Esin the pandemonium lord
104336 | Zig:21   | Reached skill level 15 in Fighting
104460 | Zig:21   | Identified the Tome of Ghastly Snow
104493 | Zig:21   | Got a heavily runed turquoise ring
104494 | Zig:21   | Identified the ring of Watriof {rN++ Int-3 Stlth+} (You found it on level 21 of a ziggurat)
104497 | Zig:21   | Got a crude jade ring
104498 | Zig:21   | Identified the ring of Giejahaq {Ice *Contam Str-5 Dex+5 Slay+3} (You found it on level 21 of a ziggurat)
104582 | Zig:21   | Learned a level 9 spell: Fire Storm
104583 | Zig:22   | Entered Level 22 of a ziggurat
104606 | Zig:22   | Reached skill level 1 in Fire Magic
104665 | Zig:22   | Gained mutation: You are clumsy. (Dex -2) [mutagenic glow]
104680 | Zig:22   | Got a slimy buckler
104691 | Zig:22   | Identified the +3 buckler "Ytalung" {rPois rCorr} (You found it on level 22 of a ziggurat)
104709 | Zig:22   | Identified the Tome of Snow
104719 | Zig:22   | Reached skill level 5 in Fire Magic
104726 | Zig:22   | Identified the Volume of Confrontation and Transformation
104767 | Zig:23   | Entered Level 23 of a ziggurat
104821 | Zig:23   | Reached skill level 10 in Armour
104886 | Zig:23   | Gained mutation: You possess an exceptional clarity of mind. [potion of beneficial mutation]
104891 | Zig:23   | Identified the Reference Book on Ghastly Confrontation
104898 | Zig:23   | Got a twisted scale mail
104899 | Zig:23   | Identified the cursed +0 scale mail of Ykum Hon {rN+++ MR- rCorr Str-2} (You found it on level 23 of a ziggurat)
104922 | Zig:23   | Learned a level 8 spell: Death's Door
104934 | Zig:23   | Learned a level 8 spell: Necromutation
104988 | Zig:24   | Entered Level 24 of a ziggurat
105016 | Zig:24   | Reached skill level 1 in Transmutations
105037 | Zig:24   | Reached skill level 5 in Transmutations
105156 | Zig:24   | Got a spiked buckler
105157 | Zig:24   | Identified the cursed +0 buckler of the Serpent {rPois rCorr Dex+2 Stlth-} (You found it on level 24 of a ziggurat)
105160 | Zig:24   | Identified the Volume of Torrid Orientation
105217 | Zig:25   | Entered Level 25 of a ziggurat
105367 | Zig:25   | Reached skill level 10 in Transmutations
105614 | Zig:25   | Gained mutation: You are surrounded by a mild repulsion field (EV +2). [potion of beneficial mutation]
105631 | Zig:25   | Got a coiled crystal amulet
105632 | Zig:25   | Identified the amulet of Bodily Harmony {Spirit rElec rC+} (You found it on level 25 of a ziggurat)
105645 | Zig:25   | Got a scintillating silver ring
105646 | Zig:25   | Identified the ring of Wilica Hoco {rElec rPois rF+ MR- SInv} (You found it on level 25 of a ziggurat)
105681 | Zig:25   | Got a wavering tin ring
105682 | Zig:25   | Identified the ring "Duvaustry" {SustAt rElec rN+ Slay+3 SInv} (You found it on level 25 of a ziggurat)
105689 | Zig:25   | Got a warped leather armour
105690 | Zig:25   | Identified the +0 leather armour of Difiq {rElec rC+ rN+} (You found it on level 25 of a ziggurat)
105715 | Zig:26   | Entered Level 26 of a ziggurat
105751 | Zig:26   | Reached skill level 15 in Charms
105913 | Zig:26   | Identified the Reference Book on Intoxication and the Snowflakes (You found it on level 26 of a ziggurat)
105913 | Zig:26   | Got a translucent brass ring
105930 | Zig:26   | Identified the ring of Generosity {Str+5 Stlth+} (You found it on level 26 of a ziggurat)
105949 | Zig:27   | Entered Level 27 of a ziggurat
105983 | Zig:27   | Noticed namelastname112's ghost (legendary DrCj)
105984 | Zig:27   | Noticed an ancient lich
105988 | Zig:27   | Killed an ancient lich
105994 | Zig:27   | Killed namelastname112's ghost
106107 | Zig:27   | Got a crude cloak
106118 | Zig:27   | Identified the +1 cloak of the Gusle {rElec rC+ Int+2} (You found it on level 27 of a ziggurat)
106132 | Zig:27   | Identified Sif Muna's Grimoire of Ashen Summoning
106163 | Zig:27   | Got a brightly glowing shadow dragon armour
106175 | Zig:27   | Identified the +10 shadow dragon armour of Free Will {+Inv rPois Int+6 Stlth++++} (You found it on level 27 of a ziggurat)
106564 | Lair:1   | Learned a level 6 spell: Statue Form
106644 | D:10     | You paid a toll of a wand of hasting (9) to enter a treasure trove
106645 | Trove    | Entered a treasure trove
106889 | Hell     | Entered the Vestibule of Hell
106889 | Hell     | Noticed Geryon
106897 | Hell     | Killed Geryon
107033 | Hell     | Found a gateway to the decaying netherworld of Tartarus.
107095 | Hell     | Found a gateway to the freezing wastes of Cocytus.
107161 | Hell     | Found a gateway to the Iron City of Dis.
107230 | Hell     | Found a gateway to the ashen valley of Gehenna.
107980 | Zig:1    | Entered Level 1 of a ziggurat
107981 | Zig:1    | Noticed Ynidas the pandemonium lord
107986 | Zig:1    | Killed Ynidas the pandemonium lord
108079 | Zig:2    | Entered Level 2 of a ziggurat
108152 | Zig:3    | Entered Level 3 of a ziggurat
108192 | Zig:4    | Entered Level 4 of a ziggurat
108228 | Zig:4    | Identified Sif Muna's Tome of Helpful Stones
108266 | Zig:5    | Entered Level 5 of a ziggurat
108306 | Zig:5    | Identified a +3 rod of clouds (11/11) (You found it on level 5 of a ziggurat)
108379 | Zig:6    | Entered Level 6 of a ziggurat
108387 | Zig:6    | Noticed Yvvome the pandemonium lord
108392 | Zig:6    | Killed Yvvome the pandemonium lord
108427 | Zig:7    | Entered Level 7 of a ziggurat
108496 | Zig:7    | Got a smoking steel ring
108497 | Zig:7    | Identified the ring of Erchanelo {rElec MR+ Int+6 Dex+3} (You found it on level 7 of a ziggurat)
108512 | Zig:8    | Entered Level 8 of a ziggurat
108667 | Zig:9    | Entered Level 9 of a ziggurat
108677 | Zig:9    | Noticed an ancient lich
108683 | Zig:9    | Killed an ancient lich
108811 | Zig:10   | Entered Level 10 of a ziggurat
108819 | Zig:10   | Noticed Izxiuxke the pandemonium lord
108828 | Zig:10   | Killed Izxiuxke the pandemonium lord
109030 | Zig:11   | Entered Level 11 of a ziggurat
109295 | Zig:12   | Entered Level 12 of a ziggurat
109303 | Zig:12   | Reached skill level 10 in Earth Magic
109556 | Zig:13   | Entered Level 13 of a ziggurat
109682 | Zig:13   | Got a translucent silver ring
109683 | Zig:13   | Identified the ring of Nayskergho {Ice MR+ Int+3} (You found it on level 13 of a ziggurat)
109822 | Zig:14   | Entered Level 14 of a ziggurat
109878 | Zig:14   | Got a faintly humming robe
109879 | Zig:14   | Identified the cursed +1 robe of Tuhylir {rN++ Regen+ MP+9 Int-2} (You found it on level 14 of a ziggurat)
109900 | Zig:14   | Got a heavily runed marble ring
109901 | Zig:14   | Identified the ring "Wopse" {SustAt MR++} (You found it on level 14 of a ziggurat)
110069 | Zig:15   | Entered Level 15 of a ziggurat
110170 | Zig:15   | Got a clouded silver ring
110171 | Zig:15   | Identified the ring of Doubts {MR+ Int+2 Stlth+} (You found it on level 15 of a ziggurat)
110214 | Zig:16   | Entered Level 16 of a ziggurat
110376 | Zig:16   | Gained mutation: Your natural rate of healing is unusually fast. [potion of beneficial mutation]
110382 | Zig:16   | Identified the Incunabulum of Burning Evil Arts
110404 | Zig:17   | Entered Level 17 of a ziggurat
110458 | Zig:17   | Got a fine steel ring
110549 | Zig:17   | Identified the ring of Conformity {rF+ MR+ MP+9 Dex+3} (You found it on level 17 of a ziggurat)
110602 | Zig:18   | Entered Level 18 of a ziggurat
110677 | Zig:18   | Got a faintly humming leather armour
110688 | Zig:18   | Identified the +3 leather armour of the Pit {Dex+3} (You found it on level 18 of a ziggurat)
110705 | Zig:18   | Identified the Compendium of Flight and Intoxication
110730 | Zig:19   | Entered Level 19 of a ziggurat
110913 | Zig:20   | Entered Level 20 of a ziggurat
111023 | Zig:20   | Got a heavily runed amber ring
111024 | Zig:20   | Identified the ring of Kodwidiwn {rF+ MP+9} (You found it on level 20 of a ziggurat)
111108 | Zig:21   | Entered Level 21 of a ziggurat
111256 | Zig:21   | Got a crude cloak
111267 | Zig:21   | Identified the +1 cloak of Giagil {rElec rPois rC- Stlth+} (You acquired it on level 21 of a ziggurat)
111276 | Zig:21   | Got a pair of shimmering boots
111287 | Zig:21   | Identified the +1 pair of boots of the Townfolk {SInv} (You acquired it on level 21 of a ziggurat)
111320 | Zig:21   | Got a crude ring mail
111331 | Zig:21   | Identified the cursed +1 ring mail of the World {rC- rN+ Str+4 SInv} (You found it on level 21 of a ziggurat)
111349 | Zig:21   | Got a fine leather armour
111360 | Zig:21   | Identified the cursed +0 leather armour "Domueph" {MP+9} (You found it on level 21 of a ziggurat)
111416 | Zig:22   | Entered Level 22 of a ziggurat
111434 | Zig:22   | Reached skill level 15 in Armour
111496 | Zig:22   | Got an encrusted cloak
111496 | Zig:22   | Got a faintly glowing amber ring
111496 | Zig:22   | Got a shimmering glass ring
111500 | Zig:22   | Identified the cursed +0 cloak of Sunlight {rC+ MR- Dex+3} (You found it on level 22 of a ziggurat)
111503 | Zig:22   | Identified the ring "Exuz" {*Tele +Fly Str-2 Dex+4} (You found it on level 22 of a ziggurat)
111505 | Zig:22   | Identified the ring "Baeziex" {Int+3 Dex+4} (You found it on level 22 of a ziggurat)
111546 | Zig:22   | Reached skill level 15 in Earth Magic
111569 | Zig:23   | Entered Level 23 of a ziggurat
111710 | Zig:23   | Got a pair of ancient boots
111721 | Zig:23   | Identified the cursed +0 pair of boots of the Spider Nest {Str+4 Dex+3} (You found it on level 23 of a ziggurat)
111789 | Zig:24   | Entered Level 24 of a ziggurat
111803 | Zig:24   | Noticed an ancient lich
111807 | Zig:24   | Killed an ancient lich
111915 | Zig:24   | Identified the Collected Works on Damaging Poisoning
111918 | Zig:24   | Got a slimy granite ring
111927 | Zig:24   | Identified the ring of Morality {*Corrode rElec rF+ rC+++ SInv} (You found it on level 24 of a ziggurat)
111935 | Zig:24   | Got an ancient copper ring
111937 | Zig:24   | Identified the ring "Neegut" {Ice Int+4} (You found it on level 24 of a ziggurat)
112031 | Zig:25   | Entered Level 25 of a ziggurat
112240 | Zig:25   | Got a twitching jade ring
112242 | Zig:25   | Identified the ring "Wiovaf" {Fire *Contam rN+ Slay+5} (You found it on level 25 of a ziggurat)
112349 | Zig:25   | Got a heavily runed amber ring
112350 | Zig:25   | Identified the ring of Vanity {SustAt rPois Dex-4 Slay+5 Stlth+} (You found it on level 25 of a ziggurat)
112385 | Zig:25   | Lost mutation: You are clumsy. (Dex -2) [helix card]
112385 | Zig:25   | Gained mutation: You have a somewhat thin skeletal structure (Dex +2, Stealth). [helix card]
112389 | Zig:25   | Drew Focus: Int increased to 34, Str decreased to 5
112426 | Zig:25   | Drew Focus: Int increased to 35, Str decreased to 4
112482 | Zig:26   | Entered Level 26 of a ziggurat
112498 | Zig:26   | Noticed an ancient lich
112501 | Zig:26   | Killed an ancient lich
112508 | Zig:26   | Noticed an ancient lich
112513 | Zig:26   | Killed an ancient lich
112519 | Zig:26   | Noticed an ancient lich
112519 | Zig:26   | Noticed an ancient lich
112522 | Zig:26   | Killed an ancient lich
112523 | Zig:26   | Killed an ancient lich
112708 | Zig:26   | Got a heavily runed hat
112719 | Zig:26   | Identified the +1 hat of Bestraorr {rN+ Regen+} (You found it on level 26 of a ziggurat)
112776 | Zig:26   | Got a faintly glowing marble ring
112777 | Zig:26   | Identified the ring "Qiudamui" {rF+ Str+3 Dex+3 Stlth+} (You found it on level 26 of a ziggurat)
112795 | Zig:27   | Entered Level 27 of a ziggurat
112804 | Zig:27   | Noticed an ancient lich
112805 | Zig:27   | Noticed an ancient lich
112806 | Zig:27   | Noticed an ancient lich
112806 | Zig:27   | Noticed an ancient lich
112808 | Zig:27   | Killed an ancient lich
112809 | Zig:27   | Noticed an ancient lich
112809 | Zig:27   | Killed an ancient lich
112810 | Zig:27   | Noticed an ancient lich
112810 | Zig:27   | Noticed an ancient lich
112810 | Zig:27   | Killed an ancient lich
112812 | Zig:27   | Noticed an ancient lich
112813 | Zig:27   | Killed an ancient lich
112814 | Zig:27   | Noticed an ancient lich
112814 | Zig:27   | Noticed an ancient lich
112814 | Zig:27   | Killed an ancient lich
112814 | Zig:27   | Killed an ancient lich
112814 | Zig:27   | Killed an ancient lich
112816 | Zig:27   | Noticed an ancient lich
112819 | Zig:27   | Killed an ancient lich
112820 | Zig:27   | Killed an ancient lich
112820 | Zig:27   | Killed an ancient lich
112822 | Zig:27   | Killed an ancient lich
112822 | Zig:27   | Reached skill level 27 in Conjurations
112823 | Zig:27   | Noticed an ancient lich
112823 | Zig:27   | Noticed an ancient lich
112823 | Zig:27   | Noticed an ancient lich
112825 | Zig:27   | Reached skill level 27 in Ice Magic
112826 | Zig:27   | Killed an ancient lich
112827 | Zig:27   | Killed an ancient lich
112828 | Zig:27   | Killed an ancient lich
112902 | Zig:27   | Got a warped bone ring
112910 | Zig:27   | Identified the ring of Niggyrch {MP+9 Dex+3 Slay+2 SInv} (You found it on level 27 of a ziggurat)
112949 | Zig:27   | Got a steaming turquoise ring
112950 | Zig:27   | Identified the ring of Zicwop {SustAt rF+ rN++ Str-5 Slay+2} (You found it on level 27 of a ziggurat)
113498 | Hell     | Upgraded the game from 0.18-a0-1760-gbb863503 to 0.18-a0-1773-gec4f98e
113649 | Geh:1    | Entered Level 1 of Gehenna
114024 | Geh:7    | Entered Level 7 of Gehenna
114339 | Geh:7    | Identified the Handbook of Companions and Bewitchment
114469 | Geh:7    | Noticed Asmodeus
114487 | Geh:7    | Killed Asmodeus
114540 | Geh:7    | Got an obsidian rune of Zot
114771 | Tar:1    | Entered Level 1 of Tartarus
115411 | Tar:7    | Entered Level 7 of Tartarus
115527 | Tar:7    | Noticed an ancient lich
115529 | Tar:7    | Killed an ancient lich
115880 | Tar:7    | Got a dazzling scale mail
115882 | Tar:7    | Got an ichor-stained leather armour
116043 | Tar:7    | Noticed an ancient lich
116048 | Tar:7    | Killed an ancient lich
116091 | Tar:7    | Noticed Ereshkigal
116099 | Tar:7    | Killed Ereshkigal
116272 | Tar:7    | Got a bone rune of Zot
116698 | Hell     | Identified the +11 scale mail "Qeef" {Int+4 Dex+7} (You found it on level 7 of Tartarus)
116701 | Hell     | Identified the +3 leather armour of Tuazxoch {Dex+3 SInv} (You found it on level 7 of Tartarus)
116740 | Dis:1    | Entered Level 1 of the Iron City of Dis
117893 | Dis:7    | Entered Level 7 of the Iron City of Dis
118305 | Dis:7    | Reached skill level 27 in Dodging
118433 | Dis:7    | Noticed the Serpent of Hell
118441 | Dis:7    | Killed the Serpent of Hell
118549 | Dis:7    | Gained mutation: You are weak. (Str -2) [mutagenic glow]
119172 | Dis:7    | Reached skill level 27 in Fighting
119198 | Dis:7    | Got a wavering granite ring
119389 | Dis:7    | Noticed Dispater
119410 | Dis:7    | Killed Dispater
119461 | Dis:7    | Got an iron rune of Zot
119816 | Hell     | Identified the ring "Oriuhetu" {+Inv rC- rN+++ Int+3 Dex-5} (You found it on level 7 of the Iron City of Dis)
119879 | Coc:1    | Entered Level 1 of Cocytus
120049 | Coc:2    | You are sucked into a shaft!
120407 | Coc:7    | Entered Level 7 of Cocytus
120591 | Coc:7    | Got an icy rune of Zot
120595 | Coc:7    | Noticed Antaeus
120629 | Coc:7    | Killed Antaeus
120775 | Zig:1    | Entered Level 1 of a ziggurat
120949 | Zig:2    | Entered Level 2 of a ziggurat
121070 | Zig:3    | Entered Level 3 of a ziggurat
121099 | Zig:3    | Got a bound platinum ring
121101 | Zig:3    | Identified the ring of the King {+Inv MR++ Stlth+} (You found it on level 3 of a ziggurat)
121112 | Zig:4    | Entered Level 4 of a ziggurat
121220 | Zig:5    | Entered Level 5 of a ziggurat
121224 | Zig:5    | Noticed a greater mummy
121232 | Zig:5    | Killed a greater mummy
121361 | Zig:6    | Entered Level 6 of a ziggurat
121472 | Zig:6    | Identified the Reference Book on Harmful Augmentations
121491 | Zig:7    | Entered Level 7 of a ziggurat
121493 | Zig:7    | Noticed a greater mummy
121493 | Zig:7    | Noticed a greater mummy
121502 | Zig:7    | Killed a greater mummy
121503 | Zig:7    | Killed a greater mummy
121504 | Zig:7    | Noticed a greater mummy
121512 | Zig:7    | Killed a greater mummy
121800 | Zig:8    | Entered Level 8 of a ziggurat
121861 | Zig:8    | Reached skill level 27 in Air Magic
121943 | Zig:9    | Entered Level 9 of a ziggurat
121950 | Zig:9    | Noticed Pyhehyto the pandemonium lord
121958 | Zig:9    | Killed Pyhehyto the pandemonium lord
122092 | Zig:9    | Got a bound platinum ring
122093 | Zig:9    | Identified the ring of False Pretenses {EV+2 Str+3} (You found it on level 9 of a ziggurat)
122100 | Zig:10   | Entered Level 10 of a ziggurat
122261 | Zig:10   | Got a translucent scale mail
122262 | Zig:10   | Identified the +2 scale mail "Ahiwigh" {-Tele rPois Str+7 Int+4 Dex-5} (You found it on level 10 of a ziggurat)
122281 | Zig:11   | Entered Level 11 of a ziggurat
122343 | Zig:11   | Got a thick robe
122344 | Zig:11   | Identified the +2 robe of Xyleist {Regen+ Int+2} (You found it on level 11 of a ziggurat)
122347 | Zig:11   | Got a wavering bronze ring
122348 | Zig:11   | Identified the ring "Daxkuhaq" {rF+ rN+} (You found it on level 11 of a ziggurat)
122351 | Zig:11   | Got a twisted leather armour
122352 | Zig:11   | Identified the +1 leather armour "Xoshox" {rElec Stlth+} (You found it on level 11 of a ziggurat)
122358 | Zig:11   | Got a dazzling fire dragon armour
122359 | Zig:11   | Identified the +7 fire dragon armour of Zin's Favour {rF++ rC- Regen+ MP+9} (You found it on level 11 of a ziggurat)
122470 | Zig:12   | Entered Level 12 of a ziggurat
122524 | Zig:12   | Got a bloodstained helmet
122525 | Zig:12   | Identified the cursed +0 helmet "Buss" {rPois rCorr Str+5 Dex-5} (You found it on level 12 of a ziggurat)
122543 | Zig:12   | Got a steaming granite ring
122661 | Zig:13   | Entered Level 13 of a ziggurat
122666 | Zig:13   | Noticed a greater mummy
122670 | Zig:13   | Noticed a greater mummy
122672 | Zig:13   | Killed a greater mummy
122676 | Zig:13   | Killed a greater mummy
122677 | Zig:13   | Noticed a greater mummy
122677 | Zig:13   | Noticed a greater mummy
122681 | Zig:13   | Killed a greater mummy
122682 | Zig:13   | Killed a greater mummy
122682 | Zig:13   | Reached skill level 27 in Evocations
122723 | Zig:13   | Got a slimy jade amulet
122724 | Zig:13   | Identified the amulet of the Final Decision {Harm *Drain rPois MR+} (You found it on level 13 of a ziggurat)
122726 | Zig:13   | Identified the ring "Galiem" {*Corrode rPois Dex-2 Slay+5 Stlth-} (You found it on level 12 of a ziggurat)
122743 | Zig:13   | Got a bound ruby amulet
122744 | Zig:13   | Identified the amulet "Wesigutwesk" {Inacc Dex+5} (You found it on level 13 of a ziggurat)
122753 | Zig:13   | Got a warped copper ring
122754 | Zig:13   | Identified the ring of Ifeudecw {*Confuse rN+ Int+3 Slay+3 SInv} (You found it on level 13 of a ziggurat)
122766 | Zig:13   | Identified Sif Muna's Papyrus of Beguiling and the Arsonist
122802 | Zig:14   | Entered Level 14 of a ziggurat
122809 | Zig:14   | Noticed a juggernaut
122809 | Zig:14   | Noticed a juggernaut
122814 | Zig:14   | Killed a juggernaut
122815 | Zig:14   | Noticed a juggernaut
122816 | Zig:14   | Killed a juggernaut
122820 | Zig:14   | Killed a juggernaut
122994 | Zig:15   | Entered Level 15 of a ziggurat
123055 | Zig:15   | Got a transparent amber ring
123058 | Zig:15   | Identified the ring of Ystomic {Dex+3 Stlth-} (You found it on level 15 of a ziggurat)
123070 | Zig:15   | Identified the Almanac of Ice and Lightness
123154 | Zig:16   | Entered Level 16 of a ziggurat
123159 | Zig:16   | Noticed a greater mummy
123160 | Zig:16   | Noticed a greater mummy
123160 | Zig:16   | Noticed a greater mummy
123160 | Zig:16   | Noticed a greater mummy
123160 | Zig:16   | Noticed a greater mummy
123160 | Zig:16   | Noticed a greater mummy
123160 | Zig:16   | Noticed a greater mummy
123164 | Zig:16   | Killed a greater mummy
123165 | Zig:16   | Noticed a greater mummy
123165 | Zig:16   | Killed a greater mummy
123165 | Zig:16   | Killed a greater mummy
123165 | Zig:16   | Killed a greater mummy
123165 | Zig:16   | Killed a greater mummy
123166 | Zig:16   | Killed a greater mummy
123166 | Zig:16   | Killed a greater mummy
123169 | Zig:16   | Noticed a greater mummy
123170 | Zig:16   | Killed a greater mummy
123175 | Zig:16   | Killed a greater mummy
123211 | Zig:16   | Identified the Volume of the Blaze (You found it on level 16 of a ziggurat)
123237 | Zig:16   | Got a twitching glass ring
123238 | Zig:16   | Identified the ring of Xom's Generosity {Fire rPois} (You found it on level 16 of a ziggurat)
123252 | Zig:16   | Got a colourful robe
123253 | Zig:16   | Identified the cursed +0 robe of Qazlal's Condemnation {rPois rC++ rN+ Str+4} (You found it on level 16 of a ziggurat)
123304 | Zig:17   | Entered Level 17 of a ziggurat
123309 | Zig:17   | Noticed a greater mummy
123310 | Zig:17   | Noticed a greater mummy
123310 | Zig:17   | Noticed a greater mummy
123310 | Zig:17   | Noticed a greater mummy
123310 | Zig:17   | Noticed a greater mummy
123313 | Zig:17   | Noticed a greater mummy
123314 | Zig:17   | Noticed a greater mummy
123314 | Zig:17   | Noticed a greater mummy
123314 | Zig:17   | Killed a greater mummy
123315 | Zig:17   | Killed a greater mummy
123316 | Zig:17   | Killed a greater mummy
123318 | Zig:17   | Noticed a greater mummy
123319 | Zig:17   | Killed a greater mummy
123319 | Zig:17   | Killed a greater mummy
123320 | Zig:17   | Killed a greater mummy
123322 | Zig:17   | Killed a greater mummy
123325 | Zig:17   | Killed a greater mummy
123326 | Zig:17   | Killed a greater mummy
123367 | Zig:17   | Identified the Reference Book on Black Rituals and the Escort
123381 | Zig:17   | Got an ichor-stained hat
123382 | Zig:17   | Identified the +1 hat "Corisuoh" {Str+4 Int+4 Dex+2} (You acquired it on level 17 of a ziggurat)
123477 | Zig:18   | Entered Level 18 of a ziggurat
123541 | Zig:18   | Identified the Incunabulum of Poison and Cold
123553 | Zig:18   | Got a distressingly furry ring mail
123554 | Zig:18   | Identified the +4 ring mail "Ammeuvu" {rPois rN+ Regen+ Str-3} (You found it on level 18 of a ziggurat)
123557 | Zig:18   | Got a transparent diamond amulet
123561 | Zig:18   | Identified the amulet of the Harvest {Gourm rC+} (You found it on level 18 of a ziggurat)
123700 | Zig:19   | Entered Level 19 of a ziggurat
123876 | Zig:19   | Got an ichor-stained scale mail
123887 | Zig:19   | Identified the cursed +0 scale mail of Hairiness {MP+9 Int+2 Dex+3} (You found it on level 19 of a ziggurat)
123946 | Zig:20   | Entered Level 20 of a ziggurat
123953 | Zig:20   | Noticed a juggernaut
123958 | Zig:20   | Noticed a juggernaut
123958 | Zig:20   | Noticed a juggernaut
123959 | Zig:20   | Killed a juggernaut
123964 | Zig:20   | Killed a juggernaut
123967 | Zig:20   | Killed a juggernaut
124102 | Zig:20   | Got a ring of the Octopus King
124109 | Zig:20   | Identified a ring of the Octopus King {SustAt AC+1 EV+1 Str+1 Int+1 Dex+1} (You found it on level 20 of a ziggurat)
124115 | Zig:20   | Gained mutation: You have a beak for a mouth. [potion of beneficial mutation]
124128 | Zig:20   | Got a crude golden ring
124130 | Zig:20   | Identified the cursed ring "Jamawestri" {Str+2 Int-5 Dex+5} (You found it on level 20 of a ziggurat)
124142 | Zig:20   | Identified the Guide on Spatial Envenoming
124148 | Zig:21   | Entered Level 21 of a ziggurat
124375 | Zig:21   | Identified Asmodeus's Grimoire of Summoning
124433 | Zig:21   | Got a thick robe
124444 | Zig:21   | Identified the +0 robe "Gizare" {*Corrode rElec rN+++ Str-4} (You found it on level 21 of a ziggurat)
124459 | Zig:22   | Entered Level 22 of a ziggurat
124466 | Zig:22   | Noticed a juggernaut
124468 | Zig:22   | Noticed a juggernaut
124471 | Zig:22   | Noticed a juggernaut
124472 | Zig:22   | Killed a juggernaut
124474 | Zig:22   | Killed a juggernaut
124475 | Zig:22   | Killed a juggernaut
124476 | Zig:22   | Noticed a juggernaut
124479 | Zig:22   | Killed a juggernaut
124528 | Zig:22   | Got a scorched garnet amulet
124534 | Zig:22   | Identified the amulet "Egear" {Dismiss Str+2} (You found it on level 22 of a ziggurat)
124536 | Zig:22   | Got a serpentine golden amulet
124541 | Zig:22   | Identified the amulet "Ruelap" {Gourm Str+2} (You found it on level 22 of a ziggurat)
124564 | Zig:22   | Got a smoking robe
124575 | Zig:22   | Identified the cursed +0 robe of Fashionability {Str+9 Int-4 Stlth+} (You found it on level 22 of a ziggurat)
124594 | Zig:22   | Identified Wiraqea's Handbook of Entrancing Combat Magic
124612 | Zig:23   | Entered Level 23 of a ziggurat
124688 | Zig:23   | Got a faintly humming hat
124699 | Zig:23   | Identified the +0 hat of Intuition {rC++ MP+9 Str-5 Dex+2} (You acquired it on level 23 of a ziggurat)
124699 | Zig:23   | Lost strength.
124730 | Zig:23   | Identified A Thorough Guide to Sorcery
124737 | Zig:23   | Identified the Compendium of Cloudy Confrontation
124742 | Zig:23   | Got a glittering copper amulet
124745 | Zig:23   | Identified the amulet "Ypiusiew" {Reflect Dex+2 SH+3} (You found it on level 23 of a ziggurat)
124773 | Zig:23   | Got a coiled pewter ring
124775 | Zig:23   | Identified the ring "Costryf" {rF++ Slay+2} (You found it on level 23 of a ziggurat)
124794 | Zig:23   | Got a pitted lapis lazuli ring
124796 | Zig:23   | Identified the ring "Mujov" {SustAt rC+ Int+4} (You found it on level 23 of a ziggurat)
124802 | Zig:23   | Identified the Guide on Companions
124805 | Zig:23   | Identified the Guide on the Bewitching Traveller (You found it on level 23 of a ziggurat)
124809 | Zig:24   | Entered Level 24 of a ziggurat
124824 | Zig:24   | Reached skill level 15 in Transmutations
124882 | Zig:24   | Got a crude chain mail
124893 | Zig:24   | Identified the +3 chain mail of Pyrgh {Str+6} (You found it on level 24 of a ziggurat)
124906 | Zig:24   | Got a transparent gossamer ring
124919 | Zig:24   | Identified the ring "Tavauborr" {rF+ Stlth+} (You found it on level 24 of a ziggurat)
124930 | Zig:24   | Got an ancient marble ring
124937 | Zig:24   | Identified the ring of Ymimotu {Wiz rElec rF+ Dex+5} (You found it on level 24 of a ziggurat)
124946 | Zig:24   | Got a creamy pearl robe
124947 | Zig:24   | Identified the cursed +0 robe "Zushanwa" {+Blink rF- MR+ Str+3} (You found it on level 24 of a ziggurat)
125008 | Zig:25   | Entered Level 25 of a ziggurat
125020 | Zig:25   | Reached skill level 27 in Armour
125023 | Zig:25   | Reached skill level 10 in Summonings
125033 | Zig:25   | Reached skill level 27 in Shields
125116 | Zig:25   | Gained mutation: You passively map a small area around you. [potion of beneficial mutation]
125128 | Zig:25   | Got a smoking bone ring
125134 | Zig:25   | Identified the ring of the Tempest {+Fly rF- Int+5 Dex+4} (You found it on level 25 of a ziggurat)
125138 | Zig:25   | Got a scorched plate armour
125139 | Zig:25   | Identified the +16 plate armour of Indemnity {rElec MR+ Str-3} (You found it on level 25 of a ziggurat)
125221 | Zig:26   | Entered Level 26 of a ziggurat
125232 | Zig:26   | Reached skill level 1 in Staves
125236 | Zig:26   | Reached skill level 5 in Staves
125255 | Zig:26   | Reached skill level 10 in Staves
125349 | Zig:26   | Identified the Collected Works on Ashen Conjuration
125354 | Zig:26   | Got a wavering lead ring
125355 | Zig:26   | Identified the ring "Hudghebbo" {Wiz rN+} (You found it on level 26 of a ziggurat)
125364 | Zig:26   | Got an encrusted scale mail
125375 | Zig:26   | Identified the +4 scale mail "Nutej" {rN+ Stlth+} (You found it on level 26 of a ziggurat)
125389 | Zig:26   | Got a crude chain mail
125400 | Zig:26   | Identified the +2 chain mail of Utennekk {+Inv rPois rN+} (You found it on level 26 of a ziggurat)
125411 | Zig:26   | Identified Ohyzituw's Guide on Shifting Venom
125417 | Zig:26   | Got a vibrating amber ring
125419 | Zig:26   | Identified the ring "Qittas" {+Blink rF+ Int+4 Slay+3 SInv} (You found it on level 26 of a ziggurat)
125440 | Zig:27   | Entered Level 27 of a ziggurat
125520 | Zig:27   | Got a crude glass ring
125529 | Zig:27   | Identified the ring of Ymor {rN+ Int+4} (You found it on level 27 of a ziggurat)
125546 | Zig:27   | Identified the Guide on Ashen Transformation
125662 | Hell     | Drew Focus: Int increased to 36, Str decreased to 3
125674 | Zig:1    | Entered Level 1 of a ziggurat
125797 | Zig:2    | Entered Level 2 of a ziggurat
125924 | Zig:3    | Entered Level 3 of a ziggurat
126029 | Zig:4    | Entered Level 4 of a ziggurat
126171 | Zig:5    | Entered Level 5 of a ziggurat
126244 | Zig:6    | Entered Level 6 of a ziggurat
126293 | Zig:6    | Got a pair of slimy gloves
126294 | Zig:6    | Identified the +1 pair of gloves of Minor Irritation {rElec rPois rC+} (You found it on level 6 of a ziggurat)
126320 | Zig:7    | Entered Level 7 of a ziggurat
126390 | Zig:7    | Identified Becsy's Compendium of the Feathery Frostbite
126397 | Zig:7    | Got a jewelled cloak
126408 | Zig:7    | Identified the +1 cloak of the Komtur {rN+ Regen+ Str+3} (You acquired it on level 7 of a ziggurat)
126470 | Zig:8    | Entered Level 8 of a ziggurat
126621 | Zig:9    | Entered Level 9 of a ziggurat
126632 | Zig:9    | Reached skill level 15 in Summonings
126670 | Zig:9    | Identified the Tome of Evil Ignition
126770 | Zig:10   | Entered Level 10 of a ziggurat
126782 | Zig:10   | Noticed an ancient lich
126786 | Zig:10   | Killed an ancient lich
126830 | Zig:10   | Got a pair of fine boots
126831 | Zig:10   | Identified the +1 pair of boots of the Carpenter {Regen+} (You found it on level 10 of a ziggurat)
126918 | Zig:11   | Entered Level 11 of a ziggurat
126937 | Zig:11   | Reached skill level 15 in Staves
126969 | Zig:11   | Identified the Tome of Boosts
126985 | Zig:11   | Identified the Collected Works on the Enchanting Traveller
127072 | Zig:12   | Entered Level 12 of a ziggurat
127131 | Zig:12   | Identified the Guide on Frigorific Battle Magic
127136 | Zig:12   | Gained mutation: Your flesh is heat resistant. [potion of beneficial mutation]
127281 | Zig:13   | Entered Level 13 of a ziggurat
127292 | Zig:13   | Noticed a greater mummy
127292 | Zig:13   | Noticed a greater mummy
127292 | Zig:13   | Noticed a greater mummy
127293 | Zig:13   | Noticed a greater mummy
127296 | Zig:13   | Killed a greater mummy
127297 | Zig:13   | Noticed a greater mummy
127297 | Zig:13   | Killed a greater mummy
127298 | Zig:13   | Killed a greater mummy
127300 | Zig:13   | Killed a greater mummy
127302 | Zig:13   | Killed a greater mummy
127372 | Zig:13   | Got a faintly glowing steam dragon armour
127383 | Zig:13   | Identified the +5 steam dragon armour of the Chupacabra {rElec rPois} (You found it on level 13 of a ziggurat)
127482 | Zig:14   | Entered Level 14 of a ziggurat
127490 | Zig:14   | Noticed a greater mummy
127490 | Zig:14   | Noticed a greater mummy
127490 | Zig:14   | Noticed a greater mummy
127490 | Zig:14   | Noticed a greater mummy
127490 | Zig:14   | Noticed a greater mummy
127490 | Zig:14   | Noticed a greater mummy
127490 | Zig:14   | Noticed a greater mummy
127490 | Zig:14   | Noticed a greater mummy
127491 | Zig:14   | Noticed a greater mummy
127491 | Zig:14   | Noticed a greater mummy
127493 | Zig:14   | Noticed a greater mummy
127493 | Zig:14   | Killed a greater mummy
127495 | Zig:14   | Killed a greater mummy
127495 | Zig:14   | Killed a greater mummy
127496 | Zig:14   | Killed a greater mummy
127496 | Zig:14   | Killed a greater mummy
127496 | Zig:14   | Reached skill level 27 in Charms
127497 | Zig:14   | Killed a greater mummy
127497 | Zig:14   | Killed a greater mummy
127499 | Zig:14   | Killed a greater mummy
127500 | Zig:14   | Killed a greater mummy
127500 | Zig:14   | Killed a greater mummy
127501 | Zig:14   | Noticed a greater mummy
127503 | Zig:14   | Killed a greater mummy
127507 | Zig:14   | Killed a greater mummy
127507 | Zig:14   | Lost strength.
127551 | Zig:14   | Got a steaming amber ring
127553 | Zig:14   | Identified the ring of Mistrust {rPois Dex+4} (You found it on level 14 of a ziggurat)
127594 | Zig:14   | Got a clouded lapis lazuli ring
127596 | Zig:14   | Identified the ring of No Interval {rF- MP+9 Int+6 Stlth+} (You found it on level 14 of a ziggurat)
127765 | Zig:15   | Entered Level 15 of a ziggurat
127787 | Zig:15   | Reached skill level 27 in Necromancy
127834 | Zig:15   | Got a flickering amber ring
127897 | Zig:15   | Gained mutation: You are partially covered in iridescent scales (AC +4). [potion of beneficial mutation]
127904 | Zig:15   | Identified Sif Muna's Guide on Dislocated Protection
127922 | Zig:15   | Identified the ring of Xoj Tepn {Wiz Int+3} (You found it on level 15 of a ziggurat)
127931 | Zig:16   | Entered Level 16 of a ziggurat
128006 | Zig:16   | Identified the Handbook of Pessimism
128008 | Zig:16   | Got a bloodstained fire dragon armour
128009 | Zig:16   | Identified the cursed +0 fire dragon armour of Limitation {rPois rF++ rC- Dex+4} (You found it on level 16 of a ziggurat)
128030 | Zig:17   | Entered Level 17 of a ziggurat
128039 | Zig:17   | Noticed an ancient lich
128041 | Zig:17   | Noticed an ancient lich
128041 | Zig:17   | Noticed an ancient lich
128041 | Zig:17   | Noticed an ancient lich
128041 | Zig:17   | Noticed an ancient lich
128044 | Zig:17   | Killed an ancient lich
128044 | Zig:17   | Killed an ancient lich
128046 | Zig:17   | Noticed an ancient lich
128046 | Zig:17   | Killed an ancient lich
128046 | Zig:17   | Killed an ancient lich
128048 | Zig:17   | Noticed an ancient lich
128048 | Zig:17   | Noticed an ancient lich
128049 | Zig:17   | Killed an ancient lich
128050 | Zig:17   | Killed an ancient lich
128053 | Zig:17   | Killed an ancient lich
128053 | Zig:17   | Killed an ancient lich
128192 | Zig:17   | Gained mutation: You have sharp toenails. [potion of beneficial mutation]
128210 | Zig:17   | Got a scorched pewter amulet
128211 | Zig:17   | Identified the amulet of Pucsew Abbu {Harm *Drain MR+} (You found it on level 17 of a ziggurat)
128214 | Zig:17   | Got a twitching granite ring
128215 | Zig:17   | Identified the ring "Wudausot" {rPois rF- Str+6 Dex+4} (You found it on level 17 of a ziggurat)
128311 | Zig:18   | Entered Level 18 of a ziggurat
128397 | Zig:18   | Identified Zezouq's Reference Book on Poisoning and Necromancy
128505 | Zig:19   | Entered Level 19 of a ziggurat
128620 | Zig:19   | Got a sparkling turquoise ring
128621 | Zig:19   | Identified the ring of Woeneec {*Corrode MR+++ Dex+4} (You found it on level 19 of a ziggurat)
128635 | Zig:19   | Got a faintly glowing scale mail
128636 | Zig:19   | Identified the +2 scale mail of Love and Death {Str+4 Int+2 Dex+2 SInv} (You found it on level 19 of a ziggurat)
128712 | Zig:20   | Entered Level 20 of a ziggurat
128725 | Zig:20   | Noticed a juggernaut
128726 | Zig:20   | Noticed a juggernaut
128727 | Zig:20   | Noticed a juggernaut
128728 | Zig:20   | Noticed a juggernaut
128729 | Zig:20   | Noticed a juggernaut
128731 | Zig:20   | Noticed a juggernaut
128731 | Zig:20   | Killed a juggernaut
128731 | Zig:20   | Killed a juggernaut
128732 | Zig:20   | Noticed a juggernaut
128732 | Zig:20   | Killed a juggernaut
128732 | Zig:20   | Killed a juggernaut
128733 | Zig:20   | Noticed a juggernaut
128733 | Zig:20   | Noticed a juggernaut
128734 | Zig:20   | Killed a juggernaut
128735 | Zig:20   | Killed a juggernaut
128736 | Zig:20   | Killed a juggernaut
128736 | Zig:20   | Killed a juggernaut
128737 | Zig:20   | Noticed a juggernaut
128737 | Zig:20   | Killed a juggernaut
128738 | Zig:20   | Noticed a juggernaut
128741 | Zig:20   | Killed a juggernaut
128743 | Zig:20   | Noticed a juggernaut
128744 | Zig:20   | Noticed a juggernaut
128744 | Zig:20   | Killed a juggernaut
128749 | Zig:20   | Killed a juggernaut
128749 | Zig:20   | Killed a juggernaut
128780 | Zig:20   | Identified Ruruakho's Papyrus of the Compass and Flight
128785 | Zig:20   | Got a transparent golden ring
128786 | Zig:20   | Identified the ring "Omisan" {Int+4 Dex+5} (You found it on level 20 of a ziggurat)
128872 | Zig:21   | Entered Level 21 of a ziggurat
128888 | Zig:21   | Reached skill level 27 in Translocations
128952 | Zig:21   | Got a fine lead amulet
128953 | Zig:21   | Identified the amulet of Lady Luck {Inacc rF+ rN+ Int+2} (You found it on level 21 of a ziggurat)
129130 | Zig:22   | Entered Level 22 of a ziggurat
129211 | Zig:22   | Identified the Compendium of Ignition and Feathers
129215 | Zig:22   | Gained mutation: You have a pair of small antennae on your head. [potion of beneficial mutation]
129327 | Zig:23   | Entered Level 23 of a ziggurat
129339 | Zig:23   | Noticed an ancient lich
129339 | Zig:23   | Noticed an ancient lich
129342 | Zig:23   | Noticed an ancient lich
129342 | Zig:23   | Noticed an ancient lich
129342 | Zig:23   | Noticed an ancient lich
129342 | Zig:23   | Noticed an ancient lich
129344 | Zig:23   | Noticed an ancient lich
129344 | Zig:23   | Killed an ancient lich
129345 | Zig:23   | Killed an ancient lich
129345 | Zig:23   | Killed an ancient lich
129345 | Zig:23   | Killed an ancient lich
129346 | Zig:23   | Killed an ancient lich
129347 | Zig:23   | Noticed an ancient lich
129347 | Zig:23   | Killed an ancient lich
129347 | Zig:23   | Reached skill level 27 in Transmutations
129349 | Zig:23   | Killed an ancient lich
129352 | Zig:23   | Killed an ancient lich
129353 | Zig:23   | Noticed an ancient lich
129353 | Zig:23   | Noticed an ancient lich
129354 | Zig:23   | Noticed an ancient lich
129354 | Zig:23   | Noticed an ancient lich
129357 | Zig:23   | Killed an ancient lich
129357 | Zig:23   | Killed an ancient lich
129357 | Zig:23   | Killed an ancient lich
129359 | Zig:23   | Noticed an ancient lich
129361 | Zig:23   | Killed an ancient lich
129362 | Zig:23   | Killed an ancient lich
129374 | Zig:23   | Reached skill level 27 in Summonings
129406 | Zig:23   | Got a pair of blackened boots
129407 | Zig:23   | Identified the +1 pair of boots of Zexool {+Blink rF+ Int+7 Slay-4} (You found it on level 23 of a ziggurat)
129568 | Zig:24   | Entered Level 24 of a ziggurat
129705 | Zig:24   | Identified the Incunabulum of Ignition
129725 | Zig:24   | Got a crude brass ring
129726 | Zig:24   | Identified the ring "Derem" {SustAt MP+9 Str+2} (You found it on level 24 of a ziggurat)
129729 | Zig:24   | Got a ring of the Octopus King
129743 | Zig:24   | Hired Qeimpeed the naga for 145 gold.
129744 | Zig:24   | Lost mutation: You are weak. (Str -2) [helix card]
129815 | Zig:25   | Entered Level 25 of a ziggurat
129904 | Zig:25   | Got a ring of the Octopus King
129907 | Zig:25   | Got a bound jade ring
129908 | Zig:25   | Identified the ring of Reevote {+Fly Int+3 Stlth+} (You found it on level 25 of a ziggurat)
129943 | Zig:25   | Identified the Volume of Earth and Transmutation
129949 | Zig:25   | Got a translucent ring mail
129950 | Zig:25   | Identified the +9 ring mail of Catouth {Dex+3} (You found it on level 25 of a ziggurat)
130011 | Zig:26   | Entered Level 26 of a ziggurat
130028 | Zig:26   | Noticed Itagi the pandemonium lord
130030 | Zig:26   | Noticed Imnut the pandemonium lord
130030 | Zig:26   | Noticed Nyimuule the pandemonium lord
130030 | Zig:26   | Noticed Zurual the pandemonium lord
130034 | Zig:26   | Noticed Lut Pum the pandemonium lord
130034 | Zig:26   | Killed Nyimuule the pandemonium lord
130035 | Zig:26   | Noticed Erhaoc the pandemonium lord
130035 | Zig:26   | Killed Itagi the pandemonium lord
130035 | Zig:26   | Killed Zurual the pandemonium lord
130035 | Zig:26   | Killed Imnut the pandemonium lord
130036 | Zig:26   | Noticed Ebafeh the pandemonium lord
130036 | Zig:26   | Noticed Ygrois the pandemonium lord
130037 | Zig:26   | Noticed Pat Suom the pandemonium lord
130038 | Zig:26   | Noticed Genil the pandemonium lord
130038 | Zig:26   | Killed Ebafeh the pandemonium lord
130039 | Zig:26   | Noticed Madwe the pandemonium lord
130040 | Zig:26   | Noticed Kyci the pandemonium lord
130040 | Zig:26   | Killed Ygrois the pandemonium lord
130040 | Zig:26   | Killed Lut Pum the pandemonium lord
130041 | Zig:26   | Noticed Epajyaf the pandemonium lord
130050 | Zig:26   | Killed Pat Suom the pandemonium lord
130051 | Zig:26   | Killed Erhaoc the pandemonium lord
130052 | Zig:26   | Killed Kyci the pandemonium lord
130052 | Zig:26   | Killed Genil the pandemonium lord
130056 | Zig:26   | Killed Madwe the pandemonium lord
130058 | Zig:26   | Killed Epajyaf the pandemonium lord
130074 | Zig:26   | Noticed Qaomia the pandemonium lord
130074 | Zig:26   | Noticed Dyuc Qus the pandemonium lord
130076 | Zig:26   | Noticed Georhe the pandemonium lord
130079 | Zig:26   | Noticed Latwaam the pandemonium lord
130079 | Zig:26   | Killed Qaomia the pandemonium lord
130080 | Zig:26   | Killed Dyuc Qus the pandemonium lord
130080 | Zig:26   | Reached skill level 27 in Earth Magic
130081 | Zig:26   | Noticed Osuypsu the pandemonium lord
130081 | Zig:26   | Killed Georhe the pandemonium lord
130082 | Zig:26   | Noticed Xyamya the pandemonium lord
130082 | Zig:26   | Noticed Molehi the pandemonium lord
130082 | Zig:26   | Killed Latwaam the pandemonium lord
130084 | Zig:26   | Noticed Goov the pandemonium lord
130085 | Zig:26   | Killed Osuypsu the pandemonium lord
130086 | Zig:26   | Noticed Qapuv the pandemonium lord
130086 | Zig:26   | Noticed Kystic the pandemonium lord
130087 | Zig:26   | Noticed Tesit the pandemonium lord
130087 | Zig:26   | Noticed Fegoa the pandemonium lord
130087 | Zig:26   | Killed Xyamya the pandemonium lord
130087 | Zig:26   | Killed Molehi the pandemonium lord
130089 | Zig:26   | Killed Qapuv the pandemonium lord
130090 | Zig:26   | Noticed Heutoulur the pandemonium lord
130090 | Zig:26   | Reached skill level 27 in Staves
130090 | Zig:26   | Reached skill level 5 in Stealth
130091 | Zig:26   | Killed Fegoa the pandemonium lord
130091 | Zig:26   | Killed Tesit the pandemonium lord
130092 | Zig:26   | Noticed Xeyfod the pandemonium lord
130092 | Zig:26   | Reached skill level 10 in Stealth
130093 | Zig:26   | Noticed Juips the pandemonium lord
130093 | Zig:26   | Noticed Ruciuc the pandemonium lord
130093 | Zig:26   | Killed Kystic the pandemonium lord
130097 | Zig:26   | Killed Heutoulur the pandemonium lord
130098 | Zig:26   | Killed Goov the pandemonium lord
130099 | Zig:26   | Killed Xeyfod the pandemonium lord
130099 | Zig:26   | Killed Juips the pandemonium lord
130100 | Zig:26   | Killed Ruciuc the pandemonium lord
130206 | Zig:26   | Reached skill level 15 in Stealth
130216 | Zig:26   | Got a warped shield
130217 | Zig:26   | Identified the cursed -1 shield of the Game Afoot {rPois Dex+4} (You found it on level 26 of a ziggurat)
130227 | Zig:27   | Entered Level 27 of a ziggurat
130237 | Zig:27   | Noticed a greater mummy
130240 | Zig:27   | Noticed a greater mummy
130240 | Zig:27   | Noticed a greater mummy
130241 | Zig:27   | Noticed a greater mummy
130244 | Zig:27   | Noticed a greater mummy
130246 | Zig:27   | Noticed a greater mummy
130246 | Zig:27   | Noticed a greater mummy
130246 | Zig:27   | Killed a greater mummy
130246 | Zig:27   | Killed a greater mummy
130246 | Zig:27   | Killed a greater mummy
130247 | Zig:27   | Noticed a greater mummy
130247 | Zig:27   | Noticed a greater mummy
130248 | Zig:27   | Killed a greater mummy
130249 | Zig:27   | Noticed a greater mummy
130250 | Zig:27   | Killed a greater mummy
130251 | Zig:27   | Killed a greater mummy
130252 | Zig:27   | Noticed a greater mummy
130252 | Zig:27   | Killed a greater mummy
130252 | Zig:27   | Killed a greater mummy
130253 | Zig:27   | Killed a greater mummy
130254 | Zig:27   | Noticed a greater mummy
130254 | Zig:27   | Noticed a greater mummy
130254 | Zig:27   | Noticed a greater mummy
130254 | Zig:27   | Noticed a greater mummy
130255 | Zig:27   | Noticed a greater mummy
130255 | Zig:27   | Noticed a greater mummy
130256 | Zig:27   | Noticed a greater mummy
130258 | Zig:27   | Killed a greater mummy
130258 | Zig:27   | Killed a greater mummy
130259 | Zig:27   | Killed a greater mummy
130260 | Zig:27   | Noticed a greater mummy
130261 | Zig:27   | Noticed a greater mummy
130261 | Zig:27   | Killed a greater mummy
130261 | Zig:27   | Killed a greater mummy
130262 | Zig:27   | Noticed a greater mummy
130262 | Zig:27   | Noticed a greater mummy
130262 | Zig:27   | Noticed a greater mummy
130264 | Zig:27   | Noticed a greater mummy
130265 | Zig:27   | Killed a greater mummy
130265 | Zig:27   | Killed a greater mummy
130266 | Zig:27   | Killed a greater mummy
130267 | Zig:27   | Noticed a greater mummy
130267 | Zig:27   | Killed a greater mummy
130267 | Zig:27   | Killed a greater mummy
130267 | Zig:27   | Killed a greater mummy
130267 | Zig:27   | Killed a greater mummy
130268 | Zig:27   | Killed a greater mummy
130269 | Zig:27   | Killed a greater mummy
130270 | Zig:27   | Noticed a greater mummy
130271 | Zig:27   | Noticed a greater mummy
130271 | Zig:27   | Noticed a greater mummy
130272 | Zig:27   | Noticed a greater mummy
130273 | Zig:27   | Noticed a greater mummy
130273 | Zig:27   | Killed a greater mummy
130274 | Zig:27   | Noticed a greater mummy
130274 | Zig:27   | Killed a greater mummy
130274 | Zig:27   | Killed a greater mummy
130275 | Zig:27   | Noticed a greater mummy
130275 | Zig:27   | Killed a greater mummy
130286 | Zig:27   | Killed a greater mummy
130286 | Zig:27   | Killed a greater mummy
130286 | Zig:27   | Killed a greater mummy
130286 | Zig:27   | Killed a greater mummy
130289 | Zig:27   | Killed a greater mummy
130290 | Zig:27   | Noticed a greater mummy
130297 | Zig:27   | Noticed a greater mummy
130300 | Zig:27   | Killed a greater mummy
130303 | Zig:27   | Killed a greater mummy
130462 | Zig:27   | Got a clouded jade ring
130463 | Zig:27   | Identified the ring of Tilenwot {rPois rC+ rN+ Dex-5 Stlth+} (You found it on level 27 of a ziggurat)
130476 | Zig:27   | Identified Ankuc's Almanac of Doomed Transformation
130480 | Zig:27   | Got a jewelled ring mail
130481 | Zig:27   | Identified the +6 ring mail of Agoraphobia {Dex+4} (You found it on level 27 of a ziggurat)
130965 | Tomb:1   | Entered Level 1 of the Tomb of the Ancients
131119 | Tomb:1   | Reached skill level 10 in Fire Magic
131159 | Tomb:1   | Noticed an ancient lich
131163 | Tomb:1   | Killed an ancient lich
131689 | Tomb:2   | Noticed a greater mummy
131693 | Tomb:2   | Noticed a greater mummy
131693 | Tomb:2   | Noticed a greater mummy
131693 | Tomb:2   | Noticed an ancient lich
131697 | Tomb:2   | Killed a greater mummy
131697 | Tomb:2   | Killed an ancient lich
131698 | Tomb:2   | Killed a greater mummy
131700 | Tomb:2   | Killed a greater mummy
131726 | Tomb:2   | Reached skill level 15 in Fire Magic
131791 | Tomb:1   | Noticed a greater mummy
131792 | Tomb:1   | Noticed a greater mummy
131794 | Tomb:1   | Noticed a greater mummy
131797 | Tomb:1   | Noticed a greater mummy
131798 | Tomb:1   | Noticed a greater mummy
131799 | Tomb:1   | Killed a greater mummy
131799 | Tomb:1   | Killed a greater mummy
131799 | Tomb:1   | Killed a greater mummy
131800 | Tomb:1   | Killed a greater mummy
131803 | Tomb:1   | Killed a greater mummy
131803 | Tomb:1   | Reached skill level 27 in Stealth
131803 | Tomb:1   | Reached skill level 1 in Throwing
131803 | Tomb:1   | Reached skill level 1 in Unarmed Combat
131889 | Tomb:1   | Noticed a greater mummy
131891 | Tomb:1   | Killed a greater mummy
131903 | Tomb:1   | Noticed a greater mummy
131905 | Tomb:1   | Killed a greater mummy
131982 | Tomb:1   | Noticed a greater mummy
131986 | Tomb:1   | Noticed a greater mummy
131991 | Tomb:1   | Killed a greater mummy
131997 | Tomb:1   | Noticed a greater mummy
131997 | Tomb:1   | Killed a greater mummy
132004 | Tomb:1   | Reached skill level 5 in Throwing
132006 | Tomb:1   | Killed a greater mummy
132060 | Tomb:1   | Noticed a greater mummy
132069 | Tomb:1   | Killed a greater mummy
132072 | Tomb:1   | Noticed a greater mummy
132073 | Tomb:1   | Noticed a greater mummy
132076 | Tomb:1   | Killed a greater mummy
132085 | Tomb:1   | Killed a greater mummy
132087 | Tomb:1   | Noticed a greater mummy
132091 | Tomb:1   | Noticed a greater mummy
132093 | Tomb:1   | Noticed a greater mummy
132101 | Tomb:1   | Killed a greater mummy
132104 | Tomb:1   | Killed a greater mummy
132108 | Tomb:1   | Killed a greater mummy
132179 | Tomb:1   | Noticed a greater mummy
132182 | Tomb:1   | Noticed a greater mummy
132184 | Tomb:1   | Noticed a greater mummy
132185 | Tomb:1   | Noticed a greater mummy
132187 | Tomb:1   | Killed a greater mummy
132188 | Tomb:1   | Killed a greater mummy
132188 | Tomb:1   | Reached skill level 5 in Unarmed Combat
132190 | Tomb:1   | Killed a greater mummy
132199 | Tomb:1   | Killed a greater mummy
132384 | Tomb:3   | Entered Level 3 of the Tomb of the Ancients
132389 | Tomb:3   | Reached skill level 10 in Throwing
132395 | Tomb:3   | Noticed a greater mummy
132396 | Tomb:3   | Noticed a greater mummy
132405 | Tomb:3   | Noticed a greater mummy
132405 | Tomb:3   | Killed a greater mummy
132407 | Tomb:3   | Noticed an ancient lich
132409 | Tomb:3   | Killed a greater mummy
132412 | Tomb:3   | Noticed a greater mummy
132413 | Tomb:3   | Noticed a greater mummy
132415 | Tomb:3   | Noticed a greater mummy
132415 | Tomb:3   | Killed a greater mummy
132416 | Tomb:3   | Noticed a greater mummy
132417 | Tomb:3   | Killed a greater mummy
132418 | Tomb:3   | Killed an ancient lich
132420 | Tomb:3   | Noticed a greater mummy
132426 | Tomb:3   | Killed a greater mummy
132427 | Tomb:3   | Killed a greater mummy
132428 | Tomb:3   | Killed a greater mummy
132433 | Tomb:3   | Killed a greater mummy
132659 | Tomb:3   | Got a bloodstained crystal plate armour
132660 | Tomb:3   | Identified the +8 crystal plate armour of Hairiness {+Fly rF++ rC- Regen+} (You found it on level 3 of the Tomb of the Ancients)
132681 | Tomb:3   | Got a translucent leather armour
132682 | Tomb:3   | Identified the cursed +1 leather armour "Docye" {rF+ rN+ MR-} (You found it on level 3 of the Tomb of the Ancients)
132878 | Tomb:3   | Got a golden rune of Zot
132974 | Tomb:3   | Got a scorched bronze ring
132975 | Tomb:3   | Identified the ring of the Salmon {rPois MR+ Slay+5} (You found it on level 3 of the Tomb of the Ancients)
133041 | Tomb:3   | Identified the Almanac of Virous Summoning
133890 | Pan      | Entered Pandemonium
134038 | Pan      | Noticed Totsun the pandemonium lord
134041 | Pan      | Killed Totsun the pandemonium lord
134243 | Pan      | Got a demonic rune of Zot
134447 | Pan      | Reached skill level 15 in Throwing
134480 | Pan      | Noticed Oroddom the pandemonium lord
134488 | Pan      | Killed Oroddom the pandemonium lord
134568 | Pan      | Found an exit through the horrors of the Abyss.
134589 | Pan      | Reached skill level 10 in Unarmed Combat
134704 | Pan      | Found an exit through the horrors of the Abyss.
134941 | Pan      | Noticed Yrecekk the pandemonium lord
134947 | Pan      | Killed Yrecekk the pandemonium lord
135157 | Pan      | Found an exit through the horrors of the Abyss.
135236 | Pan      | Gained mutation: You tend to lose your temper in combat. [a cacodemon]
135398 | Pan      | Noticed Rieme the pandemonium lord
135403 | Pan      | Killed Rieme the pandemonium lord
135432 | Pan      | Noticed Zoireq the pandemonium lord
135435 | Pan      | Killed Zoireq the pandemonium lord
135466 | Pan      | Entered the realm of Gloorx Vloq.
135646 | Pan      | Noticed Gloorx Vloq
135653 | Pan      | Killed Gloorx Vloq
135667 | Pan      | Got a dark rune of Zot
135915 | Pan      | Entered the realm of Cerebov.
136012 | Pan      | Noticed Cerebov
136023 | Pan      | Killed Cerebov
136047 | Pan      | Got a fiery rune of Zot
136187 | Pan      | Entered the realm of Mnoleg.
136228 | Pan      | Noticed Mnoleg
136235 | Pan      | Killed Mnoleg
136269 | Pan      | Got a glowing rune of Zot
136508 | Pan      | Noticed Kelol the pandemonium lord
136511 | Pan      | Killed Kelol the pandemonium lord
136563 | Pan      | Noticed Xiduc the pandemonium lord
136571 | Pan      | Killed Xiduc the pandemonium lord
136633 | Pan      | Found an exit through the horrors of the Abyss.
136909 | Pan      | Entered the realm of Lom Lobon.
136909 | Pan      | Noticed Lom Lobon
136921 | Pan      | Killed Lom Lobon
136967 | Pan      | Got a magical rune of Zot
137159 | Pan      | Noticed Myama the pandemonium lord
137164 | Pan      | Killed Myama the pandemonium lord
137172 | Pan      | Found an exit through the horrors of the Abyss.
137181 | Pan      | Took an exit into the Abyss.
137181 | Abyss:1  | Escaped into the Abyss
137313 | Depths:2 | Escaped the Abyss
137570 | Zot:5    | Reached skill level 15 in Unarmed Combat
137573 | Zot:5    | Noticed an orb of fire
137573 | Zot:5    | Killed an orb of fire
137574 | Zot:5    | Noticed an orb of fire
137576 | Zot:5    | Noticed an ancient lich
137576 | Zot:5    | Killed an orb of fire
137580 | Zot:5    | Killed an ancient lich
137623 | Zot:5    | Noticed an ancient lich
137627 | Zot:5    | Noticed an orb of fire
137627 | Zot:5    | Killed an ancient lich
137630 | Zot:5    | Killed an orb of fire
137658 | Zot:5    | Got the Orb of Zot
137885 | Zot:1    | Noticed Naituvyq the pandemonium lord
137889 | Zot:1    | Killed Naituvyq the pandemonium lord
138061 | Depths:1 | Noticed a seraph
138067 | Depths:1 | Killed a seraph
138129 | D:15     | Noticed Tazauf the pandemonium lord
138134 | D:15     | Killed Tazauf the pandemonium lord
138467 | D:4      | Noticed Jiovap the pandemonium lord
138471 | D:4      | Killed Jiovap the pandemonium lord
138536 | D:$      | Escaped with the Orb!

Vault maps used:
D:1:      dpeg_arrival_ratfight, moated_statue, minivault_24,
          minmay_misc_feat_x, lemuel_another_geyser
D:2:      nicolae_dithmenos_through_a_glass_darkly, marbit_many_paths,
          overflow_temple_1_default, ecumenical_altar_2,
          guppyfry_early_lair_pool, uniq_iyjb
D:3:      nicolae_ru_the_path_less_chosen, first_bread, minmay_strange_pillars
D:4:      minmay_temple_entry_trees, sigmund_army, uniq_crazy_yiuf_cottage,
          uniq_menkaure
D:6:      old_standard_altar, serial_shops, nicolae_shop_trees
D:7:      the_bakery, grunt_ministairs_7, minmay_strange_pillars
D:8:      makhleb_grotto_becter, minivault_19, uniq_pikel, uniq_psyche
D:9:      old_standard_altar, okawaru_humans, david_orc_5, grunt_ministairs_3,
          uniq_erica, uniq_grum, uniq_prince_ribbit1
D:10:     lair_0_dummy, nicolae_trove_entry_columns,
          nemelex_diamond_rough_becter, uniq_josephine, uniq_maurice
D:11:     minmay_strange_pillars
D:13:     serial_shops, shop, nicolae_straight_to_the_point, uniq_kirke
D:14:     lightli_vaults_fourway_checkpoint, minmay_misc_feat_chi
D:15:     gammafunk_depths_entry_grave, portal_ice_cave_entry_imps
Lair:1:   lab_entry_generic
Lair:2:   grunt_megastairs_3
Lair:3:   st_stairs_7, infiniplex_staircase_pool
Lair:4:   uniq_maud
Lair:5:   shoals_dummy_entry, st_stairs_3, grunt_megastairs_5, lemuel_fruit_tree
Lair:6:   dummy_snake_entry, minmay_slime_entry_oklob_open, grunt_megastairs_2,
          lemuel_fruit_fields
Lair:8:   evilmike_catoblepas_cave, enter_volcano_2
Shoals:3: serial_shops, shop, st_cyclops
Shoals:4: shoals_end_hangedman, shoal_ilsuiw, abandoned_shop,
          nicolae_shoals_hunting_party, uniq_polyphemus
Snake:1:  basic_altar, uniq_frances
Snake:3:  nicolae_large_snake_swirl
Snake:4:  johnstein_snake_rune_scales, uniq_roxanne
Slime:2:  cheibrodos_slime_lost_civilization_3
Orc:1:    lemuel_statue_altar
Orc:2:    grunt_orc_cross, serial_shops, shop
Elf:1:    eino_elf_arrival_the_gate, minivault_28, grunt_megastairs_4
Elf:2:    serial_shops, nicolae_shop_temple_entry_statues_fountains, shop, shop,
          shop
Elf:3:    elf_hall
Vaults:1: v_misc_9, nicolae_vaults_ring_of_whatevers,
          nicolae_vaults_little_squares_1, nicolae_vaults_little_squares_2,
          hangedman_vaults_river_flow, vaults_mumra_hexcomb,
          vaults_dpeg_diagonal, v_misc_2, v_misc_17, vaults_standard_mumra_x,
          grunt_vaults_swirl, basic_altar
Vaults:2: minmay_crypt_entry_simple_round, vaults_room_boxed,
          hangedman_vaults_nodes, v_rooms_5, hangedman_vaults_restitches,
          v_rooms_1, ontoclasm_vaults_chip, v_alt_pattern_4, v_alt_pattern_3,
          st_cells, ontoclasm_vaults_pinch, vaults_mumra_chevron, v_misc_16,
          ontoclasm_vaults_loading_screen, nicolae_vaults_little_squares_1
Vaults:3: nicolae_vaults_windows_and_doors_thing, special_room_vaults,
          vaults_dpeg_spiral, v_pattern_1, v_misc_3, vaults_dpeg_cross,
          hangedman_vaults_capsules, vaults_room_stairs_pillars,
          v_alt_pattern_5, nicolae_vaults_three_branches, basic_altar
Vaults:4: v_misc_8, grunt_vaults_funneled_arena, v_misc_10,
          hangedman_vaults_unwind, ontoclasm_vaults_ring_large, v_misc_33,
          ontoclasm_vaults_claustrophobia, nicolae_vaults_little_squares_4,
          nicolae_vaults_twisting_passages, vaults_room_stairs_pillars
Vaults:5: serial_shops
Crypt:1:  grunt_crypt_arrival_guarded_gate
Crypt:3:  church_of_pain_bobbens, tomb_entry_shell_bobbens, uniq_khufu,
          uniq_sojobo
Depths:1: lightli_too_deep, lemuel_round_altar, minmay_stone_trees_medium,
          hangedman_decor_points, kennysheep_minor_cross, feat_on_display
Depths:2: grunt_arcs, abyss_entry, hangedman_tar_grid_catacomb, serial_shops,
          nicolae_shop_trees, grunt_pan_entry_spiral, lemuel_crystal_altar
Depths:3: evilmike_halls_of_destruction, dk_noncrumbling_4,
          rand_demon_pan_entry_8, hell_entry, abyss_entry
Depths:4: hangedman_crystal_crosses_colossus, pan_entry, abyss_entry, hell_entry
Depths:5: grunt_zot_entry_tricorne, minmay_misc_feat_pillars, pf_coc_iceberg,
          minmay_room_of_horrors, minmay_misc_feat_four_crosses,
          serial_bayou_shore_b
Dis:1:    hangedman_player_shredder
Dis:2:    hangedman_dis_decor_blocks_talon
Dis:3:    hangedman_iron_city_apartments
Dis:4:    hangedman_dis_decor_tower
Dis:5:    evilmike_ambush
Dis:6:    lemuel_elevator
Dis:7:    dis_grunt_layers
Geh:1:    special_room
Geh:3:    hangedman_generic_boss_arena
Geh:7:    geh_grunt
Coc:5:    lemuel_elevator
Coc:7:    coc_dpeg
Tar:1:    nicolae_tar_cuneiform_to_be
Tar:3:    nicolae_tar_cuneiform_oil
Tar:7:    tar_grunt_cathedral
Zot:4:    evilmike_ambush, basic_stair_grate_trap
Zot:5:    grunt_ministairs_7
Abyss:1:  minivault_11
Abyss:2:  hangedman_abyss_sting
Abyss:3:  onia_ninara_dug_in_and_dangerous, evilmike_abyss_rune_curve
Abyss:4:  due_abyss_rune
Pan:      grunt_pan_spiral, pan_blood_fountain_small,
          nicolae_pan_gloorx_vloqian_4, evilmike_mini_pan_corridor,
          grunt_pan_sceptre, nicolae_pan_sigil_obb, evilmike_mini_pan_doors_b,
          nicolae_pan_sigil_obb, pan_captured_pigsty, lemuel_hellion_island,
          nicolae_pan_cerebovesque_1, evilmike_mini_pan_3x3,
          nicolae_pan_sigil_uleosi, evilmike_mini_pan_3x3, grunt_pan_spiral,
          nicolae_pan_lom_lobonic_4, rand_demon_4, evilmike_mini_pan_pillars,
          nicolae_pan_cerebovesque_2, grunt_pan_spiral, uniq_mennas_pan,
          pan_disco_hall, pan_blood_fountain, evilmike_mini_pan_pillars_b,
          gloorx_vloq_grunt, grunt_pan_pentagram, evilmike_mini_pan_3x3,
          evilmike_mini_pan_3x3, nicolae_pan_mnolegish_2, evilmike_cerebov_lava,
          pan_blood_fountain_small, nicolae_pan_performance_anxiety,
          pan_blood_fountain_small, rand_demon_9, reaverb_pan_chaos_star,
          nicolae_pan_gloorx_vloqian_4, mnoleg, pan_blood_fountain,
          evilmike_mini_pan_diamond, nicolae_pan_sigil_itan,
          evilmike_mini_pan_pillars_b, pan_blood_fountain_2,
          reaverb_pan_figure_eight, rand_demon_5, evilmike_mini_pan_thingy,
          nicolae_pan_diamonds, evilmike_holy_pan, lom_lobon_spiral_st,
          reaverb_pan_squares, grunt_pan_frozen_over, nicolae_pan_mnolegish_5
Zig:7:    ziggurat_loot_2
Zig:9:    ziggurat_pillar_centre_dead_trees
Zig:10:   ziggurat_pillar_centre_oklobs
Zig:12:   ziggurat_pillar_centre_drop
Zig:13:   ziggurat_loot_1
Zig:17:   ziggurat_loot_2, ziggurat_loot_2
Zig:20:   ziggurat_pillar_centre_more_plants
Zig:22:   ziggurat_loot_3
Zig:23:   ziggurat_pillar_centre_c
Zig:24:   ziggurat_pillar_centre_smoke
Zig:26:   ziggurat_loot_3
Lab:      labyrinth_watery
Trove:    trove_wands_scrolls
IceCv:    ice_cave_statue_garden_01
Volcano:  volcano_pools

Skill      XL: |  1  2  3  4  5  6  7  8  9 10 11 12 13 14 15 16 17 18 19 20 21 22 23 24 25 26 27 |
---------------+----------------------------------------------------------------------------------+-----
Ice Magic      | 4 5 6 7 8 9 11 12 13 14 15 17 18 19 20 21 22 27 | 27.0
Charms         | 1 2 3 4 5 7 8 10 11 27 | 27.0
Spellcasting   | 4 5 6 7 8 9 10 12 13 14 15 16 17 18 19 20 22 23 24 25 27 | 27.0
Conjurations   | 2 3 4 5 6 8 9 10 12 13 14 15 17 18 19 20 21 22 27 | 27.0
Fighting       | 1 2 3 4 5 6 7 8 9 10 27 | 27.0
Summonings     | 2 4 5 6 27 | 27.0
Evocations     | 1 3 5 7 8 10 27 | 27.0
Armour         | 3 4 5 27 | 27.0
Air Magic      | 2 4 5 7 8 10 12 27 | 27.0
Translocations | 2 4 8 13 16 18 27 | 27.0
Shields        | 1 4 6 9 12 27 | 27.0
Dodging        | 5 8 10 27 | 27.0
Necromancy     | 4 7 10 13 27 | 27.0
Earth Magic    | 5 27 | 27.0
Fire Magic     | 16 | 16.3
Transmutations | 27 | 27.0
Staves         | 27 | 27.0
Stealth        | 27 | 27.0
Throwing       | 25 | 25.2
Unarmed Combat | 16 | 16.5

Action                   |  1- 3 |  4- 6 |  7- 9 | 10-12 | 13-15 | 16-18 | 19-21 | 22-24 | 25-27 || total
-------------------------+-------+-------+-------+-------+-------+-------+-------+-------+-------++-------
Melee: Spear             |    31 |    36 |       |       |       |       |       |       |       ||    67
       Unarmed           |     2 |       |       |       |       |       |       |       |       ||     2
       Falchion          |       |    41 |     2 |       |       |       |       |       |       ||    43
       Scythe            |       |       |    38 |     1 |       |       |       |       |       ||    39
       Mace              |       |       |       |   173 |   257 |       |       |       |       ||   430
       Staff             |       |       |       |     1 |       |    11 |     7 |    10 |    18 ||    47
       Staff             |       |       |       |       |       |       |       |       |   268 ||   268
       Peck              |       |       |       |       |       |       |       |       |    70 ||    70
Throw: Throwing net      |       |       |     1 |       |       |       |       |       |       ||     1
 Cast: Freeze            |    33 |    43 |    72 |   110 |     4 |       |       |       |       ||   262
       Throw Frost       |     6 |    52 |     9 |    24 |       |       |       |       |       ||    91
       Magic Dart        |       |    29 |   103 |    23 |     1 |       |       |       |       ||   156
       Throw Icicle      |       |     4 |    90 |   282 |   563 |   301 |    93 |   245 |   180 ||  1758
       Summon Ice Beast  |       |       |       |    19 |     1 |       |       |       |       ||    20
       Orb of Destructio |       |       |       |    31 |     6 |    55 |   171 |    94 |    39 ||   396
       Bolt of Cold      |       |       |       |     9 |   121 |    63 |     8 |     1 |       ||   202
       Freezing Cloud    |       |       |       |     2 |    82 |   177 |   109 |     1 |    59 ||   430
       Ozocubu's Armour  |       |       |       |     1 |     2 |       |     2 |     1 |     5 ||    11
       Ozocubu's Refrige |       |       |       |       |     2 |    13 |     1 |       |       ||    16
       Blink             |       |       |       |       |       |     6 |       |     3 |     2 ||    11
       Deflect Missiles  |       |       |       |       |       |     7 |    15 |     4 |    13 ||    39
       Glaciate          |       |       |       |       |       |       |   218 |   315 |   939 ||  1472
       Regeneration      |       |       |       |       |       |       |     3 |     8 |    27 ||    38
       Haste             |       |       |       |       |       |       |       |     3 |    55 ||    58
       Summon Butterflie |       |       |       |       |       |       |       |     2 |       ||     2
       Controlled Blink  |       |       |       |       |       |       |       |     3 |    32 ||    35
       Iron Shot         |       |       |       |       |       |       |       |     1 |  1043 ||  1044
       Glaciate          |       |       |       |       |       |       |       |       |  1091 ||  1091
       Tornado           |       |       |       |       |       |       |       |       |   460 ||   460
       Iron Shot         |       |       |       |       |       |       |       |       |   423 ||   423
       Necromutation     |       |       |       |       |       |       |       |       |   109 ||   109
       Statue Form       |       |       |       |       |       |       |       |       |    70 ||    70
       Tornado           |       |       |       |       |       |       |       |       |    69 ||    69
       Haste             |       |       |       |       |       |       |       |       |    57 ||    57
       Aura of Abjuratio |       |       |       |       |       |       |       |       |    53 ||    53
       Controlled Blink  |       |       |       |       |       |       |       |       |    25 ||    25
       Regeneration      |       |       |       |       |       |       |       |       |    22 ||    22
       Necromutation     |       |       |       |       |       |       |       |       |    19 ||    19
       Aura of Abjuratio |       |       |       |       |       |       |       |       |    11 ||    11
       Ozocubu's Armour  |       |       |       |       |       |       |       |       |     5 ||     5
       Deflect Missiles  |       |       |       |       |       |       |       |       |     4 ||     4
 Abil: End Transformatio |       |       |       |       |       |       |       |       |    11 ||    11
       Evoke Flight      |       |       |       |       |       |       |       |       |     3 ||     3
       Stop Flying       |       |       |       |       |       |       |       |       |     2 ||     2
       Stop Flying       |       |       |       |       |       |       |       |       |     2 ||     2
       Evoke Blink       |       |       |       |       |       |       |       |       |     1 ||     1
       Evoke Fog         |       |       |       |       |       |       |       |       |     1 ||     1
       End Transformatio |       |       |       |       |       |       |       |       |     1 ||     1
       Evoke Flight      |       |       |       |       |       |       |       |       |     1 ||     1
Evoke: Staff of energy   |       |       |     1 |    11 |    74 |   548 |   454 |   342 |  2885 ||  4315
       Club              |       |       |       |     1 |     6 |       |       |       |    23 ||    30
       Phantom mirror    |       |       |       |       |     1 |       |       |       |       ||     1
       Deck              |       |       |       |       |       |       |       |       |    21 ||    21
       Hammer            |       |       |       |       |       |       |       |       |    17 ||    17
       Disc of storms    |       |       |       |       |       |       |       |       |     8 ||     8
       Wand              |       |       |       |       |       |       |       |       |     5 ||     5
       Figurine of a zig |       |       |       |       |       |       |       |       |     5 ||     5
       Lamp of fire      |       |       |       |       |       |       |       |       |     4 ||     4
       Whip              |       |       |       |       |       |       |       |       |     3 ||     3
       Phial of floods   |       |       |       |       |       |       |       |       |     3 ||     3
       Fan of gales      |       |       |       |       |       |       |       |       |     2 ||     2
       Horn of Geryon    |       |       |       |       |       |       |       |       |     2 ||     2
       Box of beasts     |       |       |       |       |       |       |       |       |     2 ||     2
       Sack of spiders   |       |       |       |       |       |       |       |       |     2 ||     2
  Use: Scroll            |     1 |     8 |     5 |    11 |    12 |    11 |     6 |    11 |   117 ||   182
       Potion            |     1 |     4 |     2 |     7 |     4 |     4 |       |     1 |    53 ||    76
       Scroll            |       |       |       |       |       |       |       |       |    75 ||    75
       Potion            |       |       |       |       |       |       |       |       |    34 ||    34
 Stab: Sleeping          |     3 |     3 |       |     3 |     1 |       |       |       |       ||    10
  Eat: Chunk             |     1 |    11 |    21 |    54 |    92 |    45 |    58 |    38 |    29 ||   349
       Fruit             |       |       |     5 |     2 |     7 |     1 |     5 |     5 |       ||    25
       Royal jelly       |       |       |       |     2 |       |     1 |       |       |    11 ||    14
       Beef jerky        |       |       |       |     1 |     2 |     4 |     1 |     3 |     5 ||    16
       Pizza             |       |       |       |       |       |       |     4 |     3 |     3 ||    10
       Meat ration       |       |       |       |       |       |       |       |     2 |    26 ||    28
       Bread ration      |       |       |       |       |       |       |       |     1 |     2 ||     3
       Bread ration      |       |       |       |       |       |       |       |       |    20 ||    20
       Royal jelly       |       |       |       |       |       |       |       |       |     8 ||     8
       Meat ration       |       |       |       |       |       |       |       |       |     7 ||     7
       Beef jerky        |       |       |       |       |       |       |       |       |     3 ||     3
       Pizza             |       |       |       |       |       |       |       |       |     1 ||     1
Armor: Robe              |       |       |       |       |       |    20 |    31 |    47 |   146 ||   244
       Leather armour    |       |       |       |       |       |       |       |       |   220 ||   220
       Skin              |       |       |       |       |       |       |       |       |    98 ||    98
       Robe              |       |       |       |       |       |       |       |       |    56 ||    56
Dodge: Dodged            |       |       |       |       |       |    33 |    91 |    89 |   300 ||   513
       Deflected         |       |       |       |       |       |    36 |    86 |    44 |   106 ||   272
       Dodged            |       |       |       |       |       |       |       |       |   794 ||   794
       Deflected         |       |       |       |       |       |       |       |       |    68 ||    68
Block: Buckler           |       |       |       |       |       |    15 |    71 |    85 |   214 ||   385
       Reflection        |       |       |       |       |       |       |    14 |    35 |    38 ||    87
       Shield            |       |       |       |       |       |       |       |       |  1964 ||  1964
       Shield            |       |       |       |       |       |       |       |       |   288 ||   288
